Workbook
Name ProposedRating: 'All Projects'!$P$1:$P$5

Sheet Major Projects
A1: Corporate Services
A2: 2015 MAJOR PROJECTS
A3: Overview
A4: Team | B4: Project | C4: Project Manager | D4: Project Type | E4: Progress | F4: Proposed Rating | G4: Target Date | H4: Days Left | I4: % Complete | J4: Dashboard
A5: Human Resources | B5: Project Team Goals | C5: M. Tse-Gonzalez | D5: Major | E5: ='HR-Project Team Goals'!B7 -> Target | F5: =+'HR-Project Team Goals'!B11 -> Meets | G5: =+'HR-Project Team Goals'!B10 -> 42308 | H5: =G5-(TODAY()) -> -1254 | I5: =+'HR-Project Team Goals'!B9 -> 0.3
A6: Human Resources | B6: Career Pathing | C6: N. Rivera-Mendez | D6: Major | E6: ='HR-Career Pathing'!B7 -> Target | F6: =+'HR-Career Pathing'!B11 -> Meets | G6: =+'HR-Career Pathing'!B10 -> 42308 | H6: =G6-(TODAY()) -> -1254 | I6: =+'HR-Career Pathing'!B9 -> 0.6
A7: Human Resources | B7: Officer Criteria | C7: M. Tse-Gonzalez | D7: Major | E7: ='HR-Officer Criteria'!B7 -> Target | F7: =+'HR-Officer Criteria'!B11 -> Meets | G7: =+'HR-Officer Criteria'!B10 -> 42308 | H7: =G7-(TODAY()) -> -1254 | I7: =+'HR-Officer Criteria'!B9 -> 0.1
A8: Human Resources | B8: Recognition Award Program | C8: N. Rivera-Mendez | D8: Major | E8: ='HR-Recognition Award Program'!B7 -> Target | F8: =+'HR-Recognition Award Program'!B11 -> Meets | G8: =+'HR-Recognition Award Program'!B10 -> 42308 | H8: =G8-(TODAY()) -> -1254 | I8: =+'HR-Recognition Award Program'!B9 -> 0.5
A9: Human Resources | B9: Continuing Professional Education | C9: N. Rivera-Mendez | D9: Major | E9: ='HR-Continuing Prof Education'!B7 -> Target | F9: =+'HR-Continuing Prof Education'!B11 -> Meets | G9: =+'HR-Continuing Prof Education'!B10 -> 42308 | H9: =G9-(TODAY()) -> -1254 | I9: =+'HR-Continuing Prof Education'!B9 -> 0.4
A10: Human Resources | B10: Employee Wellness | C10: M. Sanders | D10: Major | E10: ='HR-Employee Wellness'!B7 -> Target | F10: =+'HR-Employee Wellness'!B11 -> Meets | G10: =+'HR-Employee Wellness'!B10 -> 42370 | H10: =G10-(TODAY()) -> -1192 | I10: =+'HR-Employee Wellness'!B9 -> 0
A11: Facilities Services | B11: Real Estate Program | C11: E. Gonzalez | D11: Major | E11: ='FS-Real Estate Program'!B7 -> Target | F11: =+'FS-Real Estate Program'!B11 -> Meets | G11: =+'FS-Real Estate Program'!B10 -> 42369 | H11: =G11-(TODAY()) -> -1193 | I11: =+'FS-Real Estate Program'!B9 -> 0.4
A12: Facilities Services | B12: VoIP Upgrade (Phase 2 Hardware Replacement) | C12: J. Lusardi | D12: Major | E12: ='FS-VoIP Upgrade'!B7 -> Target | F12: =+'FS-VoIP Upgrade'!B11 -> Meets | G12: =+'FS-VoIP Upgrade'!B10 -> 42277 | H12: =G12-(TODAY()) -> -1285 | I12: =+'FS-VoIP Upgrade'!B9 -> 0.3
A13: Facilities Services | B13: Wireless Device Cost Analysis | C13: W. Moran | D13: Major | E13: ='FS-Wireless Device Cost Anal'!B7 -> Target | F13: =+'FS-Wireless Device Cost Anal'!B11 -> Meets | G13: =+'FS-Wireless Device Cost Anal'!B10 -> 42369 | H13: =G13-(TODAY()) -> -1193 | I13: =+'FS-Wireless Device Cost Anal'!B9 -> 0.3
A14: OMWI | B14: Employee Training Module | C14: M. Noonan | D14: Major | E14: ='OMWI-Training Module'!B7 -> Target | F14: =+'OMWI-Training Module'!B11 -> Meets | G14: =+'OMWI-Training Module'!B10 -> 42338 | H14: =G14-(TODAY()) -> -1224 | I14: =+'OMWI-Training Module'!B9 -> 0.6
A15: OMWI | B15: Enhance Vendor Outreach | C15: M. Noonan | D15: Major | E15: ='OMWI-Vendor Outreach'!B7 -> Target | F15: =+'OMWI-Vendor Outreach'!B11 -> Meets | G15: =+'OMWI-Vendor Outreach'!B10 -> 42277 | H15: =G15-(TODAY()) -> -1285 | I15: =+'OMWI-Vendor Outreach'!B9 -> 0.6
A16: OMWI | B16: Vendor Database System | C16: M. Noonan | D16: Major | E16: ='OMWI-Vendor Database System'!B7 -> Target | F16: =+'OMWI-Vendor Database System'!B11 -> Meets | G16: =+'OMWI-Vendor Database System'!B10 -> 42308 | H16: =G16-(TODAY()) -> -1254 | I16: =+'OMWI-Vendor Database System'!B9 -> 0.6
J18: Project Goals On Track for…
K19: Meets | L19: Exceeds | M19: Outstanding
J20: Human Resources | K20: =SUMPRODUCT(($A:$A=$J20)*($F:$F=K$19)) -> 6 | L20: =SUMPRODUCT(($A:$A=$J20)*($F:$F=L$19)) -> 0 | M20: =SUMPRODUCT(($A:$A=$J20)*($F:$F=M$19)) -> 0
J21: Facilities Services | K21: =SUMPRODUCT(($A:$A=$J21)*($F:$F=K$19)) -> 3 | L21: =SUMPRODUCT(($A:$A=$J21)*($F:$F=L$19)) -> 0 | M21: =SUMPRODUCT(($A:$A=$J21)*($F:$F=M$19)) -> 0
J22: OMWI | K22: =SUMPRODUCT(($A:$A=$J22)*($F:$F=K$19)) -> 3 | L22: =SUMPRODUCT(($A:$A=$J22)*($F:$F=L$19)) -> 0 | M22: =SUMPRODUCT(($A:$A=$J22)*($F:$F=M$19)) -> 0
J23: Corporate Services | K23: =SUMPRODUCT(($A:$A=$J23)*($F:$F=K$19)) -> 0 | L23: =SUMPRODUCT(($A:$A=$J23)*($F:$F=L$19)) -> 0 | M23: =SUMPRODUCT(($A:$A=$J23)*($F:$F=M$19)) -> 0
J24: Total | K24: =SUM(K20:K23) -> 12 | L24: =SUM(L20:L23) -> 0 | M24: =SUM(M20:M23) -> 0
J25: Project Breakdown by Team & Project
K26: Major | L26: Project | M26: Special | N26: Total
J27: Human Resources | K27: =SUMPRODUCT(($A:$A=$J27)*($D:$D=K$26)) -> 6 | L27: =SUMPRODUCT(($A:$A=$J27)*($D:$D=L$26)) -> 0 | M27: =SUMPRODUCT(($A:$A=$J27)*($D:$D=M$26)) -> 0 | N27: =SUM(K27:M27) -> 6
J28: Facilities Services | K28: =SUMPRODUCT(($A:$A=$J28)*($D:$D=K$26)) -> 3 | L28: =SUMPRODUCT(($A:$A=$J28)*($D:$D=L$26)) -> 0 | M28: =SUMPRODUCT(($A:$A=$J28)*($D:$D=M$26)) -> 0 | N28: =SUM(K28:M28) -> 3
J29: OMWI | K29: =SUMPRODUCT(($A:$A=$J29)*($D:$D=K$26)) -> 3 | L29: =SUMPRODUCT(($A:$A=$J29)*($D:$D=L$26)) -> 0 | M29: =SUMPRODUCT(($A:$A=$J29)*($D:$D=M$26)) -> 0 | N29: =SUM(K29:M29) -> 3
J30: Corporate Services | K30: =SUMPRODUCT(($A:$A=$J30)*($D:$D=K$26)) -> 0 | L30: =SUMPRODUCT(($A:$A=$J30)*($D:$D=L$26)) -> 0 | M30: =SUMPRODUCT(($A:$A=$J30)*($D:$D=M$26)) -> 0 | N30: =SUM(K30:M30) -> 0
J31: Total | K31: =SUM(K27:K30) -> 12 | L31: =SUM(L27:L30) -> 0 | M31: =SUM(M27:M30) -> 0 | N31: =SUM(N27:N30) -> 12

Sheet Projects
A1: Corporate Services
A2: 2015 PROJECTS
A3: Overview
A4: Team | B4: Project | C4: Project Manager | D4: Project Type | E4: Progress | F4: Proposed Rating | G4: Target Date | H4: Days Left | I4: % Complete | J4: Dashboard
A5: Human Resources | B5: Human Resources Technology Goal | C5: V. Kang / K. Mitchell | D5: Project | E5: ='HR-Technology Goal'!B7 -> Target | F5: =+'HR-Technology Goal'!B11 -> Meets | G5: =+'HR-Technology Goal'!B10 -> 42369 | H5: =G5-(TODAY()) -> -1193 | I5: =+'HR-Technology Goal'!B9 -> 0.3
A6: Human Resources | B6: Officer Physicals | C6: M. Sanders | D6: Project | E6: ='HR-Officer Physicals'!B7 -> Complete | F6: =+'HR-Officer Physicals'!B11 -> Outstanding | G6: =+'HR-Officer Physicals'!B10 -> 42277 | H6: =G6-(TODAY()) -> -1285 | I6: =+'HR-Officer Physicals'!B9 -> 1
A7: Facilities Services | B7: JC Renovations | C7: E. Gonzalez | D7: Project | E7: ='FS-JC Renovations'!B7 -> Target | F7: =+'FS-JC Renovations'!B11 -> Meets | G7: =+'FS-JC Renovations'!B10 -> 42277 | H7: =G7-(TODAY()) -> -1285 | I7: =+'FS-JC Renovations'!B9 -> 0.8
A8: Facilities Services | B8: JC UPS/Generator Tie-In & NY UPS Return | C8: J. Pask | D8: Project | E8: ='FS-JC UPS-Generator Tie-in'!B7 -> Target | F8: =+'FS-JC UPS-Generator Tie-in'!B11 -> Meets | G8: =+'FS-JC UPS-Generator Tie-in'!B10 -> 42307 | H8: =G8-(TODAY()) -> -1255 | I8: =+'FS-JC UPS-Generator Tie-in'!B9 -> 0.2
A9: Facilities Services | B9: NY Copier Lease Renewals | C9: J. Pask | D9: Project | E9: ='FS-NY Copier Lease Renewals'!B7 -> Target | F9: =+'FS-NY Copier Lease Renewals'!B11 -> Meets | G9: =+'FS-NY Copier Lease Renewals'!B10 -> 42277 | H9: =G9-(TODAY()) -> -1285 | I9: =+'FS-NY Copier Lease Renewals'!B9 -> 0.1
A10: Facilities Services | B10: Pitney Bowes Mail Machine Replacement | C10: J. Pask | D10: Project | E10: ='FS-Pitney Bowes Mail Replacemen'!B7 -> Complete | F10: =+'FS-Pitney Bowes Mail Replacemen'!B11 -> Exceeds | G10: =+'FS-Pitney Bowes Mail Replacemen'!B10 -> 42124 | H10: =G10-(TODAY()) -> -1438 | I10: =+'FS-Pitney Bowes Mail Replacemen'!B9 -> 1
A11: Facilities Services | B11: FHFA Examiners visit | C11: T. Ford | D11: Project | E11: ='FS-FHFA Examiners Visit'!B7 -> Complete | F11: =+'FS-FHFA Examiners Visit'!B11 -> Meets | G11: =+'FS-FHFA Examiners Visit'!B10 -> 42139 | H11: =G11-(TODAY()) -> -1423 | I11: =+'FS-FHFA Examiners Visit'!B9 -> 1
A12: Facilities Services | B12: Logo Redesign | C12: J. Pask | D12: Project | E12: ='FS-Logo Redesign'!B7 -> Complete | F12: =+'FS-Logo Redesign'!B11 -> Meets | G12: =+'FS-Logo Redesign'!B10 -> 42154 | H12: =G12-(TODAY()) -> -1408 | I12: =+'FS-Logo Redesign'!B9 -> 1
A13: Facilities Services | B13: JC Space Refresh | C13: W. Williams | D13: Project | E13: ='FS-JC Space Refresh'!B7 -> Target | F13: =+'FS-JC Space Refresh'!B11 -> Meets | G13: =+'FS-JC Space Refresh'!B10 -> 42307 | H13: =G13-(TODAY()) -> -1255 | I13: =+'FS-JC Space Refresh'!B9 -> 0.5
A14: Facilities Services | B14: Lawson Training (RQC and SME) | C14: J. Pask | D14: Project | E14: ='FS-Lawson Training'!B7 -> Behind | F14: =+'FS-Lawson Training'!B11 -> Meets | G14: =+'FS-Lawson Training'!B10 -> 42369 | H14: =G14-(TODAY()) -> -1193 | I14: =+'FS-Lawson Training'!B9 -> 0.2
A15: Facilities Services | B15: Lawson PO & RQL Future | C15: J. Lusardi | D15: Project | E15: ='FS-Lawson PO & RQL Future'!B7 -> Target | F15: ='FS-Lawson PO & RQL Future'!B11 -> Meets | G15: =+'FS-Lawson PO & RQL Future'!B10 -> 42308 | H15: =G15-(TODAY()) -> -1254 | I15: =+'FS-Lawson PO & RQL Future'!B9 -> 0.2
A16: OMWI | B16: OMWI 2014 Status Report | C16: M. Noonan | D16: Project | E16: ='OMWI-2014 Status Report'!B7 -> Complete | F16: =+'OMWI-2014 Status Report'!B11 -> Meets | G16: =+'OMWI-2014 Status Report'!B10 -> 42063 | H16: =G16-(TODAY()) -> -1499 | I16: =+'OMWI-2014 Status Report'!B9 -> 1
A17: OMWI | B17: Future Planning for OMWI Initiatives | C17: M. Noonan | D17: Project | E17: ='OMWI-2015 Report Planning'!B7 -> Target | F17: =+'OMWI-2015 Report Planning'!B11 -> Meets | G17: =+'OMWI-2015 Report Planning'!B10 -> 42369 | H17: =G17-(TODAY()) -> -1193 | I17: =+'OMWI-2015 Report Planning'!B9 -> 0.4 | J17: Project Goals On Track for…
A18: Corporate Services | B18: Project Management Program | C18: M. Noonan | D18: Project | E18: ='CorpServ-PM Program'!B7 -> Complete | F18: =+'CorpServ-PM Program'!B11 -> Meets | G18: =+'CorpServ-PM Program'!B10 -> 42185 | H18: =G18-(TODAY()) -> -1377 | I18: =+'CorpServ-PM Program'!B9 -> 1 | K18: Meets | L18: Exceeds | M18: Outstanding
J19: Human Resources | K19: =SUMPRODUCT(($A:$A=$J19)*($F:$F=K$18)) -> 1 | L19: =SUMPRODUCT(($A:$A=$J19)*($F:$F=L$18)) -> 0 | M19: =SUMPRODUCT(($A:$A=$J19)*($F:$F=M$18)) -> 1
J20: Facilities Services | K20: =SUMPRODUCT(($A:$A=$J20)*($F:$F=K$18)) -> 8 | L20: =SUMPRODUCT(($A:$A=$J20)*($F:$F=L$18)) -> 1 | M20: =SUMPRODUCT(($A:$A=$J20)*($F:$F=M$18)) -> 0
J21: OMWI | K21: =SUMPRODUCT(($A:$A=$J21)*($F:$F=K$18)) -> 2 | L21: =SUMPRODUCT(($A:$A=$J21)*($F:$F=L$18)) -> 0 | M21: =SUMPRODUCT(($A:$A=$J21)*($F:$F=M$18)) -> 0
J22: Corporate Services | K22: =SUMPRODUCT(($A:$A=$J22)*($F:$F=K$18)) -> 1 | L22: =SUMPRODUCT(($A:$A=$J22)*($F:$F=L$18)) -> 0 | M22: =SUMPRODUCT(($A:$A=$J22)*($F:$F=M$18)) -> 0
J23: Total | K23: =SUM(K19:K22) -> 12 | L23: =SUM(L19:L22) -> 1 | M23: =SUM(M19:M22) -> 1
J24: Project Breakdown by Team & Project
K25: Major | L25: Project | M25: Special | N25: Total
J26: Human Resources | K26: =SUMPRODUCT(($A:$A=$J26)*($D:$D=K$25)) -> 0 | L26: =SUMPRODUCT(($A:$A=$J26)*($D:$D=L$25)) -> 2 | M26: =SUMPRODUCT(($A:$A=$J26)*($D:$D=M$25)) -> 0 | N26: =SUM(K26:M26) -> 2
J27: Facilities Services | K27: =SUMPRODUCT(($A:$A=$J27)*($D:$D=K$25)) -> 0 | L27: =SUMPRODUCT(($A:$A=$J27)*($D:$D=L$25)) -> 9 | M27: =SUMPRODUCT(($A:$A=$J27)*($D:$D=M$25)) -> 0 | N27: =SUM(K27:M27) -> 9
J28: OMWI | K28: =SUMPRODUCT(($A:$A=$J28)*($D:$D=K$25)) -> 0 | L28: =SUMPRODUCT(($A:$A=$J28)*($D:$D=L$25)) -> 2 | M28: =SUMPRODUCT(($A:$A=$J28)*($D:$D=M$25)) -> 0 | N28: =SUM(K28:M28) -> 2
J29: Corporate Services | K29: =SUMPRODUCT(($A:$A=$J29)*($D:$D=K$25)) -> 0 | L29: =SUMPRODUCT(($A:$A=$J29)*($D:$D=L$25)) -> 1 | M29: =SUMPRODUCT(($A:$A=$J29)*($D:$D=M$25)) -> 0 | N29: =SUM(K29:M29) -> 1
J30: Total | K30: =SUM(K26:K29) -> 0 | L30: =SUM(L26:L29) -> 14 | M30: =SUM(M26:M29) -> 0 | N30: =SUM(N26:N29) -> 14

Sheet Special Projects
A1: Corporate Services
A2: 2015 SPECIAL PROJECTS
A3: Overview
A4: Team | B4: Project | C4: Project Manager | D4: Project Type | E4: Progress | F4: Proposed Rating | G4: Target Date | H4: Days Left | I4: % Complete
A5: Human Resources | B5: TBD | C5: TBD | D5: Special
A6: Facilities Services | B6: TBD | C6: TBD | D6: Special
J17: Dashboard
J18: Project Goals On Track for…
K19: Meets | L19: Exceeds | M19: Outstanding
J20: Human Resources | K20: =SUMPRODUCT(($A:$A=$J20)*($F:$F=K$19)) -> 0 | L20: =SUMPRODUCT(($A:$A=$J20)*($F:$F=L$19)) -> 0 | M20: =SUMPRODUCT(($A:$A=$J20)*($F:$F=M$19)) -> 0
J21: Facilities Services | K21: =SUMPRODUCT(($A:$A=$J21)*($F:$F=K$19)) -> 0 | L21: =SUMPRODUCT(($A:$A=$J21)*($F:$F=L$19)) -> 0 | M21: =SUMPRODUCT(($A:$A=$J21)*($F:$F=M$19)) -> 0
J22: OMWI | K22: =SUMPRODUCT(($A:$A=$J22)*($F:$F=K$19)) -> 0 | L22: =SUMPRODUCT(($A:$A=$J22)*($F:$F=L$19)) -> 0 | M22: =SUMPRODUCT(($A:$A=$J22)*($F:$F=M$19)) -> 0
J23: Corporate Services | K23: =SUMPRODUCT(($A:$A=$J23)*($F:$F=K$19)) -> 0 | L23: =SUMPRODUCT(($A:$A=$J23)*($F:$F=L$19)) -> 0 | M23: =SUMPRODUCT(($A:$A=$J23)*($F:$F=M$19)) -> 0
J24: Total | K24: =SUM(K20:K23) -> 0 | L24: =SUM(L20:L23) -> 0 | M24: =SUM(M20:M23) -> 0
J25: Project Breakdown by Team & Project
K26: Major | L26: Project | M26: Special | N26: Total
J27: Human Resources | K27: =SUMPRODUCT(($A:$A=$J27)*($D:$D=K$26)) -> 0 | L27: =SUMPRODUCT(($A:$A=$J27)*($D:$D=L$26)) -> 0 | M27: =SUMPRODUCT(($A:$A=$J27)*($D:$D=M$26)) -> 1 | N27: =SUM(K27:M27) -> 1
J28: Facilities Services | K28: =SUMPRODUCT(($A:$A=$J28)*($D:$D=K$26)) -> 0 | L28: =SUMPRODUCT(($A:$A=$J28)*($D:$D=L$26)) -> 0 | M28: =SUMPRODUCT(($A:$A=$J28)*($D:$D=M$26)) -> 1 | N28: =SUM(K28:M28) -> 1
J29: OMWI | K29: =SUMPRODUCT(($A:$A=$J29)*($D:$D=K$26)) -> 0 | L29: =SUMPRODUCT(($A:$A=$J29)*($D:$D=L$26)) -> 0 | M29: =SUMPRODUCT(($A:$A=$J29)*($D:$D=M$26)) -> 0 | N29: =SUM(K29:M29) -> 0
J30: Corporate Services | K30: =SUMPRODUCT(($A:$A=$J30)*($D:$D=K$26)) -> 0 | L30: =SUMPRODUCT(($A:$A=$J30)*($D:$D=L$26)) -> 0 | M30: =SUMPRODUCT(($A:$A=$J30)*($D:$D=M$26)) -> 0 | N30: =SUM(K30:M30) -> 0
J31: Total | K31: =SUM(K27:K30) -> 0 | L31: =SUM(L27:L30) -> 0 | M31: =SUM(M27:M30) -> 2 | N31: =SUM(N27:N30) -> 2

Sheet All Projects
A1: Corporate Services
A2: 2015 ALL PROJECTS
A3: Overview
A4: Team | B4: Project | C4: Project Manager | D4: Project Type | E4: Progress | F4: Proposed Rating | G4: Target Date | H4: Days Left | I4: % Complete | J4: Dashboard
A5: Human Resources | B5: Project Team Goals | C5: M. Tse-Gonzalez | D5: Major | E5: ='HR-Project Team Goals'!B7 -> Target | F5: =+'HR-Project Team Goals'!B11 -> Meets | G5: =+'HR-Project Team Goals'!B10 -> 42308 | H5: =G5-(TODAY()) -> -1254 | I5: =+'HR-Project Team Goals'!B9 -> 0.3
A6: Human Resources | B6: Career Pathing | C6: N. Rivera-Mendez | D6: Major | E6: ='HR-Career Pathing'!B7 -> Target | F6: =+'HR-Career Pathing'!B11 -> Meets | G6: =+'HR-Career Pathing'!B10 -> 42308 | H6: =G6-(TODAY()) -> -1254 | I6: =+'HR-Career Pathing'!B9 -> 0.6
A7: Human Resources | B7: Officer Criteria | C7: M. Tse-Gonzalez | D7: Major | E7: ='HR-Officer Criteria'!B7 -> Target | F7: =+'HR-Officer Criteria'!B11 -> Meets | G7: =+'HR-Officer Criteria'!B10 -> 42308 | H7: =G7-(TODAY()) -> -1254 | I7: =+'HR-Officer Criteria'!B9 -> 0.1
A8: Human Resources | B8: Recognition Award Program | C8: N. Rivera-Mendez | D8: Major | E8: ='HR-Recognition Award Program'!B7 -> Target | F8: =+'HR-Recognition Award Program'!B11 -> Meets | G8: =+'HR-Recognition Award Program'!B10 -> 42308 | H8: =G8-(TODAY()) -> -1254 | I8: =+'HR-Recognition Award Program'!B9 -> 0.5
A9: Human Resources | B9: Continuing Professional Education | C9: N. Rivera-Mendez | D9: Major | E9: ='HR-Continuing Prof Education'!B7 -> Target | F9: =+'HR-Continuing Prof Education'!B11 -> Meets | G9: =+'HR-Continuing Prof Education'!B10 -> 42308 | H9: =G9-(TODAY()) -> -1254 | I9: =+'HR-Continuing Prof Education'!B9 -> 0.4
A10: Human Resources | B10: Employee Wellness | C10: M. Sanders | D10: Major | E10: ='HR-Employee Wellness'!B7 -> Target | F10: =+'HR-Employee Wellness'!B11 -> Meets | G10: =+'HR-Employee Wellness'!B10 -> 42370 | H10: =G10-(TODAY()) -> -1192 | I10: =+'HR-Employee Wellness'!B9 -> 0
A11: Facilities Services | B11: Real Estate Program | C11: E. Gonzalez | D11: Major | E11: ='FS-Real Estate Program'!B7 -> Target | F11: =+'FS-Real Estate Program'!B11 -> Meets | G11: =+'FS-Real Estate Program'!B10 -> 42369 | H11: =G11-(TODAY()) -> -1193 | I11: =+'FS-Real Estate Program'!B9 -> 0.4
A12: Facilities Services | B12: VoIP Upgrade (Phase 2 Hardware Replacement) | C12: J. Lusardi | D12: Major | E12: ='FS-VoIP Upgrade'!B7 -> Target | F12: =+'FS-VoIP Upgrade'!B11 -> Meets | G12: =+'FS-VoIP Upgrade'!B10 -> 42277 | H12: =G12-(TODAY()) -> -1285 | I12: =+'FS-VoIP Upgrade'!B9 -> 0.3
A13: Facilities Services | B13: Wireless Device Cost Analysis | C13: W. Moran | D13: Major | E13: ='FS-Wireless Device Cost Anal'!B7 -> Target | F13: =+'FS-Wireless Device Cost Anal'!B11 -> Meets | G13: =+'FS-Wireless Device Cost Anal'!B10 -> 42369 | H13: =G13-(TODAY()) -> -1193 | I13: =+'FS-Wireless Device Cost Anal'!B9 -> 0.3
A14: OMWI | B14: Employee Training Module | C14: M. Noonan | D14: Major | E14: ='OMWI-Training Module'!B7 -> Target | F14: =+'OMWI-Training Module'!B11 -> Meets | G14: =+'OMWI-Training Module'!B10 -> 42338 | H14: =G14-(TODAY()) -> -1224 | I14: =+'OMWI-Training Module'!B9 -> 0.6
A15: OMWI | B15: Enhance Vendor Outreach | C15: M. Noonan | D15: Major | E15: ='OMWI-Vendor Outreach'!B7 -> Target | F15: =+'OMWI-Vendor Outreach'!B11 -> Meets | G15: =+'OMWI-Vendor Outreach'!B10 -> 42277 | H15: =G15-(TODAY()) -> -1285 | I15: =+'OMWI-Vendor Outreach'!B9 -> 0.6
A16: OMWI | B16: Vendor Database System | C16: M. Noonan | D16: Major | E16: ='OMWI-Vendor Database System'!B7 -> Target | F16: =+'OMWI-Vendor Database System'!B11 -> Meets | G16: =+'OMWI-Vendor Database System'!B10 -> 42308 | H16: =G16-(TODAY()) -> -1254 | I16: =+'OMWI-Vendor Database System'!B9 -> 0.6
A18: Human Resources | B18: Human Resources Technology Goal | C18: V. Kang / K. Mitchell | D18: Project | E18: ='HR-Technology Goal'!B7 -> Target | F18: =+'HR-Technology Goal'!B11 -> Meets | G18: =+'HR-Technology Goal'!B10 -> 42369 | H18: =G18-(TODAY()) -> -1193 | I18: =+'HR-Technology Goal'!B9 -> 0.3
A19: Human Resources | B19: Officer Physicals | C19: M. Sanders | D19: Project | E19: ='HR-Officer Physicals'!B7 -> Complete | F19: =+'HR-Officer Physicals'!B11 -> Outstanding | G19: =+'HR-Officer Physicals'!B10 -> 42277 | H19: =G19-(TODAY()) -> -1285 | I19: =+'HR-Officer Physicals'!B9 -> 1
A20: Facilities Services | B20: JC Renovations | C20: E. Gonzalez | D20: Project | E20: ='FS-JC Renovations'!B7 -> Target | F20: =+'FS-JC Renovations'!B11 -> Meets | G20: =+'FS-JC Renovations'!B10 -> 42277 | H20: =G20-(TODAY()) -> -1285 | I20: =+'FS-JC Renovations'!B9 -> 0.8
A21: Facilities Services | B21: JC UPS/Generator Tie-In & NY UPS Return | C21: J. Pask | D21: Project | E21: ='FS-JC UPS-Generator Tie-in'!B7 -> Target | F21: =+'FS-JC UPS-Generator Tie-in'!B11 -> Meets | G21: =+'FS-JC UPS-Generator Tie-in'!B10 -> 42307 | H21: =G21-(TODAY()) -> -1255 | I21: =+'FS-JC UPS-Generator Tie-in'!B9 -> 0.2
A22: Facilities Services | B22: NY Copier Lease Renewals | C22: J. Pask | D22: Project | E22: ='FS-NY Copier Lease Renewals'!B7 -> Target | F22: =+'FS-NY Copier Lease Renewals'!B11 -> Meets | G22: =+'FS-NY Copier Lease Renewals'!B10 -> 42277 | H22: =G22-(TODAY()) -> -1285 | I22: =+'FS-NY Copier Lease Renewals'!B9 -> 0.1
A23: Facilities Services | B23: Pitney Bowes Mail Machine Replacement | C23: J. Pask | D23: Project | E23: ='FS-Pitney Bowes Mail Replacemen'!B7 -> Complete | F23: =+'FS-Pitney Bowes Mail Replacemen'!B11 -> Exceeds | G23: =+'FS-Pitney Bowes Mail Replacemen'!B10 -> 42124 | H23: =G23-(TODAY()) -> -1438 | I23: =+'FS-Pitney Bowes Mail Replacemen'!B9 -> 1
A24: Facilities Services | B24: FHFA Examiners visit | C24: T. Ford | D24: Project | E24: ='FS-FHFA Examiners Visit'!B7 -> Complete | F24: =+'FS-FHFA Examiners Visit'!B11 -> Meets | G24: =+'FS-FHFA Examiners Visit'!B10 -> 42139 | H24: =G24-(TODAY()) -> -1423 | I24: =+'FS-FHFA Examiners Visit'!B9 -> 1
A25: Facilities Services | B25: Logo Redesign | C25: J. Pask | D25: Project | E25: ='FS-Logo Redesign'!B7 -> Complete | F25: =+'FS-Logo Redesign'!B11 -> Meets | G25: =+'FS-Logo Redesign'!B10 -> 42154 | H25: =G25-(TODAY()) -> -1408 | I25: =+'FS-Logo Redesign'!B9 -> 1
A26: Facilities Services | B26: JC Space Refresh | C26: W. Williams | D26: Project | E26: ='FS-JC Space Refresh'!B7 -> Target | F26: =+'FS-JC Space Refresh'!B11 -> Meets | G26: =+'FS-JC Space Refresh'!B10 -> 42307 | H26: =G26-(TODAY()) -> -1255 | I26: =+'FS-JC Space Refresh'!B9 -> 0.5
A27: Facilities Services | B27: Lawson Training (RQC and SME) | C27: J. Pask | D27: Project | E27: ='FS-Lawson Training'!B7 -> Behind | F27: =+'FS-Lawson Training'!B11 -> Meets | G27: =+'FS-Lawson Training'!B10 -> 42369 | H27: =G27-(TODAY()) -> -1193 | I27: =+'FS-Lawson Training'!B9 -> 0.2
A28: Facilities Services | B28: Lawson PO & RQL Future | C28: J. Lusardi | D28: Project | E28: ='FS-Lawson PO & RQL Future'!B7 -> Target | F28: ='FS-Lawson PO & RQL Future'!B11 -> Meets | G28: =+'FS-Lawson PO & RQL Future'!B10 -> 42308 | H28: =G28-(TODAY()) -> -1254 | I28: =+'FS-Lawson PO & RQL Future'!B9 -> 0.2
A29: OMWI | B29: OMWI 2014 Status Report | C29: M. Noonan | D29: Project | E29: ='OMWI-2014 Status Report'!B7 -> Complete | F29: =+'OMWI-2014 Status Report'!B11 -> Meets | G29: =+'OMWI-2014 Status Report'!B10 -> 42063 | H29: =G29-(TODAY()) -> -1499 | I29: =+'OMWI-2014 Status Report'!B9 -> 1 | J29: Project Goals On Track for…
A30: OMWI | B30: Future Planning for OMWI Initiatives | C30: M. Noonan | D30: Project | E30: ='OMWI-2015 Report Planning'!B7 -> Target | F30: =+'OMWI-2015 Report Planning'!B11 -> Meets | G30: =+'OMWI-2015 Report Planning'!B10 -> 42369 | H30: =G30-(TODAY()) -> -1193 | I30: =+'OMWI-2015 Report Planning'!B9 -> 0.4 | K30: Meets | L30: Exceeds | M30: Outstanding
A31: Corporate Services | B31: Project Management Program | C31: M. Noonan | D31: Project | E31: ='CorpServ-PM Program'!B7 -> Complete | F31: =+'CorpServ-PM Program'!B11 -> Meets | G31: =+'CorpServ-PM Program'!B10 -> 42185 | H31: =G31-(TODAY()) -> -1377 | I31: =+'CorpServ-PM Program'!B9 -> 1 | J31: Human Resources | K31: =SUMPRODUCT(($A:$A=$J31)*($F:$F=K$30)) -> 7 | L31: =SUMPRODUCT(($A:$A=$J31)*($F:$F=L$30)) -> 0 | M31: =SUMPRODUCT(($A:$A=$J31)*($F:$F=M$30)) -> 1
J32: Facilities Services | K32: =SUMPRODUCT(($A:$A=$J32)*($F:$F=K$30)) -> 11 | L32: =SUMPRODUCT(($A:$A=$J32)*($F:$F=L$30)) -> 1 | M32: =SUMPRODUCT(($A:$A=$J32)*($F:$F=M$30)) -> 0
A33: Human Resources | B33: TBD | C33: TBD | D33: Special | E33: TBD | J33: OMWI | K33: =SUMPRODUCT(($A:$A=$J33)*($F:$F=K$30)) -> 5 | L33: =SUMPRODUCT(($A:$A=$J33)*($F:$F=L$30)) -> 0 | M33: =SUMPRODUCT(($A:$A=$J33)*($F:$F=M$30)) -> 0
A34: Facilities Services | B34: TBD | C34: TBD | D34: Special | E34: TBD | J34: Corporate Services | K34: =SUMPRODUCT(($A:$A=$J34)*($F:$F=K$30)) -> 1 | L34: =SUMPRODUCT(($A:$A=$J34)*($F:$F=L$30)) -> 0 | M34: =SUMPRODUCT(($A:$A=$J34)*($F:$F=M$30)) -> 0
J35: Total | K35: =SUM(K31:K34) -> 24 | L35: =SUM(L31:L34) -> 1 | M35: =SUM(M31:M34) -> 1
J36: Project Breakdown by Team & Project
K37: Major | L37: Project | M37: Special | N37: Total
J38: Human Resources | K38: =SUMPRODUCT(($A:$A=$J38)*($D:$D=K$37)) -> 6 | L38: =SUMPRODUCT(($A:$A=$J38)*($D:$D=L$37)) -> 2 | M38: =SUMPRODUCT(($A:$A=$J38)*($D:$D=M$37)) -> 1 | N38: =SUM(K38:M38) -> 9
J39: Facilities Services | K39: =SUMPRODUCT(($A:$A=$J39)*($D:$D=K$37)) -> 3 | L39: =SUMPRODUCT(($A:$A=$J39)*($D:$D=L$37)) -> 9 | M39: =SUMPRODUCT(($A:$A=$J39)*($D:$D=M$37)) -> 1 | N39: =SUM(K39:M39) -> 13
J40: OMWI | K40: =SUMPRODUCT(($A:$A=$J40)*($D:$D=K$37)) -> 3 | L40: =SUMPRODUCT(($A:$A=$J40)*($D:$D=L$37)) -> 2 | M40: =SUMPRODUCT(($A:$A=$J40)*($D:$D=M$37)) -> 0 | N40: =SUM(K40:M40) -> 5
J41: Corporate Services | K41: =SUMPRODUCT(($A:$A=$J41)*($D:$D=K$37)) -> 0 | L41: =SUMPRODUCT(($A:$A=$J41)*($D:$D=L$37)) -> 1 | M41: =SUMPRODUCT(($A:$A=$J41)*($D:$D=M$37)) -> 0 | N41: =SUM(K41:M41) -> 1
J42: Total | K42: =SUM(K38:K41) -> 12 | L42: =SUM(L38:L41) -> 14 | M42: =SUM(M38:M41) -> 2 | N42: =SUM(N38:N41) -> 28

Sheet HR-Project Team Goals
A1: Human Resources
A2: Major Project
A3: HR Project Team Goals
A5: Ground Level View
A7: Project Progress: | B7: Target
A8: Project Status as of: | B8: 42163
A9: % Complete: | B9: 0.3
A10: Target Date: | B10: 42308
A11: Proposed Rating: | B11: Meets
A12: Project Manager: | B12: Noemi Rivera-Mendez | D12: Project Summary:
A13: Team Members:
D16: Project Budget: | E16: 0
D17: Days Left: | E17: =B10-B8 -> 145
A19: Current Status:
A20: Mercer met with HR, MC members and the CEO individually to gain their insight regarding Bankwide Project Team Goals
A21: Next Steps:
A22: Mercer provided a report with their recommendations at the June 2nd MC meeting. Next MC meeting for further discussion, the week of June 15.
A23: Current Concern/Problem:
A24: N/A
A25: Potential Resolution:
A26: I plan to…
A28: Task Name | B28: Resources | C28: Duration | D28: Start | E28: Finish | F28: % Work Complete
A30: Mercer submits SOW-Contract approval | B30: Noemi | D30: 42068 | E30: 3/20/2015/ | F30: 0.95
A31: Conduct a project planning meeting with Human Resources to confirm project approach, work steps, deliverables, Mercer/FHLB roles and responsibilities and timing | B31: Mercer | D31: 42081 | E31: 42081 | F31: 1
A32: Conduct individual interviews with Group Heads | B32: Mercer | D32: 42087 | E32: 42102 | F32: 1
A33: Prepare draft of recommendation and present to HR | B33: Mercer | D33: 42111 | F33: 1
A34: Review draft provide feedback- Mercer revises if necessary | B34: Noemi/Mildred/ Edwin | D34: 42115 | E34: 42152 | F34: 1
A35: Present to Management Committee | B35: Mercer | D35: 42157 | E35: 42157 | F35: 1
A36: Modify recommendations if necessary | B36: Mercer
A37: Present to Management Committee for approval | B37: Mildred/Mercer | D37: 42166
A38: Implement changes | D38: 42248
A39: Modify procedures: | B39: Noemi
A45: Goal 1 - Meets Requirements
A50: Goal 2 - Exceeds Requirements
A57: Goal 3 - Outstanding
A89: Bi-Weekly Update History

Sheet HR-Career Pathing
A1: Human Resources
A2: Major Project
A3: Career Pathing
A5: Ground Level View
A7: Project Progress: | B7: Target
A8: Project Status as of: | B8: 42186
A9: % Complete: | B9: 0.6
A10: Target Date: | B10: 42308
A11: Proposed Rating: | B11: Meets
A12: Project Manager: | B12: Noemi Rivera-Mendez | D12: Project Summary:
A13: Team Members:
D16: Project Budget: | E16: 0
D17: Days Left: | E17: =B10-B8 -> 122
A19: Current Status:
A20: PMO group (Sean Borde) his template is almost complete. Sean was out for 2 weeks his team has not progressed. I met with Sean on 6/23 he was going to follow up with his team. We are scheduled to meet on 7/3 and 7/13 at which point a final draft is expected. Custody and Pledging we one last time with Mercer on 6/16 to cover loose ends and questions. Mercer provided their final draft to Bank on 6/30. I am scheduled to meet with Mike to wrap up any loose ends and finalize the template.
A21: Next Steps:
A22: Review the final draft submitted by Mercer to Custody and Pledging. And provide Sean and his team additional assistance to complete their career pathing structure.
A23: Current Concern/Problem:
A24: None
A25: Potential Resolution:
A26: Not applicable
A28: Task Name | B28: Resources | C28: Duration | D28: Start | E28: Finish | F28: % Work Complete
A29: PMO Group
A30: Review key documents(pd's and org charts) to develop a detailed understanding of job family dept structure, position roles and responsibilities | B30: Noemi | D30: 42086 | E30: 42097 | F30: 1
A31: Conduct a project planning meeting with Sean Borde to confirm project approach, work steps, deliverables, roles and responsibilities and timing | B31: Noemi | D31: 42103 | E31: 42103 | F31: 1
A32: Prepare draft Career path template for PMO with appropriate active positions and provide recommendations for career path positions | B32: Noemi | D32: 42104 | E32: 42117 | F32: 1
A33: Submit draft to Sean | B33: Noemi | D33: 42118 | E33: 42118 | F33: 1
A34: Meet with Sean and Team as necessary to answer questions | B34: Noemi | D34: 5/15/2015 6/15/2015 | F34: 0.5
A35: Areas to be completed by Sean's team
A36: Specific experience Broadening experience Feeder roles Next roles | B36: Sean, Kelvin,Erika | D36: 42118 | F36: 0.3
A37: Review draft career path submitted by PMO team and enhance,edit, modify as necessary from discussions | B37: Noemi, PMO team | D37: 42173
A38: Develop a competency model showing level of competencies required for successful performance of each role | B38: Noemi/Sean | D38: 42180
A40: Member Services- Custody Pledeging
A41: Meet with Paul Heroux to determine which group in MS would start with the Career Path Pilot | B41: Noemi | D41: 42073 | E41: 42073 | F41: 1
A42: Meet with Mike Volpe to provide overview of process with Mercer | B42: Noemi | D42: 42108 | F42: 1
A43: Follow up with Mercer and Mike to provide insight | B43: Noemi | D43: continuous | F43: 0.5
A44: Conduct a project planning meeting with Human Resources to confirm project approach, work steps, deliverables, Mercer/FHLB roles and responsibilities and timing | B44: Noemi/Mercer | D44: 42115 | F44: 1
A45: Provide Mercer with key documents to develop their understanding of the job family such as-position descriptions and Org Charts | B45: Noemi | D45: 42114 | F45: 1
A46: Review key documents to develop a detailed understanding of job family organizational structure, position roles and responsibilities and any work that has been done to date to describe career paths and competencies | B46: Mercer | D46: 42114 | E46: 42137 | F46: 0.8
A47: Conduct a group orientation meeting with the Head of Member Services and his direct reports to describe project objectives, methodology, career path components, career path design process and their role | B47: Noemi/Mercer | D47: 42114 | E47: 42114 | F47: 1
A48: Conduct 1 hour, individual interview with 1 Director to get input on key career path components | B48: Mercer | D48: 42114 | E48: 42114 | F48: 1
A49: Prepare draft career path for Member Services based on Mercer consulting experience and FHLB’s input. Career path components include the following for each role: | B49: Mercer | D49: 42135 | F49: 0.5
A50: – Major responsibilities --Feeder roles, where talent comes from within and outside FHLB --Next moves, opportunities for employees to progess within specific job family and across the organization Job family specific and broadening experiences required to be successful in current role for career progression Competency skills area
A51: Review draft career path with Human Resources and Member Services | B51: Mercer | D51: 42137 | E51: 42137
A52: Provide second draft to Human Resources | B52: Mercer | D52: 42170
A53: Review changes made after the last meeting and implement any changes not captured | B53: All | D53: 42171 | F53: 1
A54: Provide final version of the career path to HR | B54: Mercer | D54: 42185 | F54: 1
A55: Do final review of Mercer's submission- meet with Mike V to ensure all requests are captured and potential future career paths are captured as well | B55: Noemi | D55: 42199
A63: Goal 3 - Outstanding
A77: Bi-Weekly Update History | B77: 42146
A78: Current Status:
A79: I have met twice with PMO group (Sean Borde) his template is almost complete. They are scheduled to submit their first draft template to me on June 15 for my review. With Custody and Pledging we have had two meetings with Mercer and we are scheduled for another on June 16 to get a draft of the template they completed for this team.
A80: Next Steps:
A81: Review the template completed by PMO and Mercer and provide feedback
A82: Current Concern/Problem:
A83: None
A84: Potential Resolution:
A85: Not applicable

Sheet HR-Officer Criteria
A1: Human Resources
A2: Major Project
A3: Officer Criteria
A5: Ground Level View
A7: Project Progress: | B7: Target
A8: Project Status as of: | B8: 42139
A9: % Complete: | B9: 0.1
A10: Target Date: | B10: 42308
A11: Proposed Rating: | B11: Meets
A12: Project Manager: | B12: Mildred Tse-Gonzalez | D12: Project Summary:
A13: Team Members: | B13: Edwin Artuz
B14: Noemi Rivera-Mendez
B15: Virginia Kang
D16: Project Budget: | E16: 0
D17: Days Left: | E17: =B10-B8 -> 169
A19: Current Status:
A20: Mercer met with HR, MC members and the CEO individually to gain their insight regarding Officer criteria.
A21: Next Steps:
A22: Mercer will report their recommendations at the June 2nd MC meeting.
A23: Current Concern/Problem:
A25: Potential Resolution:
A28: Task Name | B28: Resources | C28: Duration | D28: Start | E28: Finish | F28: % Work Complete
A30: Mercer submits SOW-Contract approval | B30: Noemi | D30: 42068 | E30: 3/20/2015/ | F30: 0.95
A31: Conduct a project planning meeting with Human Resources to confirm project approach, work steps, deliverables, Mercer/FHLB roles and responsibilities and timing | B31: Mercer | D31: 42081 | E31: 42081 | F31: 1
A32: Conduct individual interviews with Group Heads | B32: Mercer | D32: 42087 | E32: 42102 | F32: 1
A33: Prepare draft of recommendation and present to HR | B33: Mercer | D33: 42111 | F33: 1
A34: Review draft provide feedback- Mercer revises if necessary | B34: Noemi/Mildred/ Edwin | D34: 42115 | E34: 42152 | F34: 1
A35: Present to Management Committee | B35: Mercer | D35: 42157 | E35: 42157 | F35: 1
A36: Modify recommendations if necessary | B36: Mercer
A37: Present to Management Committee for approval | B37: Mildred/Mercer | D37: 42166
A38: Implement changes | D38: 42248
A39: Modify procedures:
A45: Goal 1 - Meets Requirements
A50: Goal 2 - Exceeds Requirements
A57: Goal 3 - Outstanding
A89: Bi-Weekly Update History

Sheet HR-Recognition Award Program
A1: Human Resources
A2: Major Project
A3: Recognition Award Program
A5: Ground Level View
A7: Project Progress: | B7: Target
A8: Project Status as of: | B8: 42186
A9: % Complete: | B9: 0.5
A10: Target Date: | B10: 42308
A11: Proposed Rating: | B11: Meets
A12: Project Manager: | B12: Noemi Rivera-Mendez | D12: Project Summary:
A13: Team Members: | B13: Mildred
B14: Edwin
D18: Project Budget: | E18: 88000 | F18: part of overall Mercer cost
D19: Days Left: | E19: =B10-B8 -> 122
A20: Current Status:
A21: Spot award increment to $1000 was approved. Recognition award program in discussion. Follow up with MC to follow
A22: Next Steps:
A23: MC group is to meet again in July to review recommendations for Recognition award and make a decision.
A24: Current Concern/Problem:
A25: Recognition award program may be eliminated and a budget provided to managers for end of the year recognition of employee contributions
A26: Potential Resolution:
A27: the recommendation needs to be vetted out by MC group and CFO for budgeting reasons
A29: Task Name | B29: Resources | C29: Duration | D29: Start | E29: Finish | F29: % Work Complete
A31: Mercer submits SOW-Contract approval | B31: Noemi | D31: 42068 | E31: 3/20/2015/ | F31: 0.95
A32: Conduct a project planning meeting with Human Resources to confirm project approach, work steps, deliverables, Mercer/FHLB roles and responsibilities and timing | B32: Mercer | D32: 42081 | E32: 42081 | F32: 1
A33: Conduct individual interviews with Group Heads | B33: Mercer | D33: 42087 | E33: 42102 | F33: 1
A34: Prepare draft of recommendation and present to HR | B34: Mercer | D34: 42111 | F34: 1
A35: Review draft provide feedback- Mercer revises if necessary | B35: Noemi/Mildred/ Edwin | D35: 42115 | E35: 42152 | F35: 1
A36: Present to Management Committee | B36: Mercer | D36: 42157 | E36: 42157 | F36: 1
A37: Meet with MC members to understand concerns | B37: Edwin - Mildred | D37: 42170 | F37: 1
A38: Spot award recommendations were approved-Recognition award in discussions | B38: Edwin | D38: 42174
A39: Review Recognition Award again with Management Committee | B39: Edwin | D39: July
A40: Impement changes
A41: Modify procedures: | B41: Noemi | D41: 42167 | E41: 42170
A42: Submit procedures to DM for publication | B42: Noemi | D42: 42171 | E42: 42171
A43: Modify checklists | B43: Noemi | D43: 42173
A44: Communicate to employees | B44: Noemi | D44: 42174
A61: Bi-Weekly Update History | B61: 42146
A62: Current Status:
A63: This is part of Mercer's over arching project objective. Mercer has met with the Group Heads and received feedback with regards to the award program. Recommendations have been made by Mercer based on feedback to the MC group
A64: Next Steps:
A65: MC group is to meet again on 6/11 along with Mercer and HR team to review recommendations and make a decision.
A66: Current Concern/Problem:
A67: With regards to the Recognition program there does not appear to be a concern
A68: Potential Resolution:
A69: Not applicable

Sheet HR-Continuing Prof Education
A1: Human Resources
A2: Major Project
A3: Continuing Professional Education
A5: Ground Level View
A7: Project Progress: | B7: Target
A8: Project Status as of: | B8: 42187
A9: % Complete: | B9: 0.4
A10: Target Date: | B10: 42308
A11: Proposed Rating: | B11: Meets
A12: Project Manager: | B12: Noemi Rivera-Mendez | D12: Project Summary:
A13: Team Members:
D16: Project Budget: | E16: 0
D17: Days Left: | E17: =B10-B8 -> 121
A19: Current Status:
A20: Received copies of two other FHLB's standards. Utilized MR report to determine who is going for CPE credits (certifications). Draft summary of recommendations was put together
A21: Next Steps:
A22: Meet with specific group heads to determine which certifications are required, which are nice to have, create analysis, proposal and recommended standards together
A23: Current Concern/Problem:
A25: Potential Resolution:
A28: Task Name | B28: Resources | C28: Duration | D28: Start | E28: Finish | F28: % Work Complete
A30: Receive requests submitted to MR via budgeted dollars | B30: Noemi | D30: 42116 | F30: 1
A31: Review data received | B31: Noemi | D31: 42163 | F31: 1
A32: Compartmentalize the data recd- pull only CPE's | F32: 1
A33: Review best practices in the market | B33: Noemi | D33: 42163 | F33: 0.75
A34: Request current practices from HLB's | B34: Noemi | D34: 42163 | F34: 1
A35: Compile data received from HLB's/and best practices | B35: Noemi | D35: 42199 | F35: 0.5
A36: Meet with Group Heads to understand which Certifications are required and which are nice to have | B36: Noemi | D36: 42199
A37: Analyze data required vs nice to have | B37: Noemi | D37: 42201
A38: Compose first draft of proposed guidelines | B38: Noemi | D38: 42205
A39: Review with Director HR/Head of Corp Svcs | B39: Noemi | D39: 42207
A40: Meet with Group Heads to gauge concerns | B40: Noemi
A41: Modify as necessary | B41: Noemi
A42: Submit final draft to Director HR/Head of Corp/group heads | B42: Noemi | D42: 42212
A48: Goal 1 - Meets Requirements
A53: Goal 2 - Exceeds Requirements
A60: Goal 3 - Outstanding
A92: Bi-Weekly Update History | B92: 42146
A93: Current Status:
A94: Received internal data from Management Reporting with regards to proposed budgeted dollars for 2015 for this purpose
A95: Next Steps:
A96: Review data received from MR. Review best practices in the market and other HLB's

Sheet HR-Employee Wellness
A1: Human Resources
A2: Major Project
A3: Employee Wellness
A5: Ground Level View
A7: Project Progress: | B7: Target
A8: Project Status as of: | B8: 42185
A9: % Complete: | B9: 0
A10: Target Date: | B10: 42370
A11: Proposed Rating: | B11: Meets
A12: Project Manager: | B12: Maelean Sanders | D12: Project Summary:
A13: Team Members: | B13: Edwin Artuz
B14: Mildred Tse-Gonzalez
D16: Project Budget: | E16: 0
D17: Days Left: | E17: =B10-B8 -> 185
A19: Current Status:
A20: Ongoing: Wellness Program Proposal submitted for review and approval. Survey questionnaire in draft mode. Coordinated HSA incentive options for 2016 with Cigna - also included in the draft proposal.
A21: Next Steps:
A22: Approval of wellness proposal and draft of wellness questionnaire for review.
A23: Current Concern/Problem:
A24: N/A
A25: Potential Resolution:
A28: Task Name | B28: Resources | C28: Duration | D28: Start | E28: Finish | F28: % Work Complete
A29: Phase 1- Wellness Proposal
A30: Submit Wellness Proposal for approval | B30: N/A | D30: 42095 | E30: 42185 | F30: 1
A31: Submit Calendar of Wellness Events | B31: N/A | D31: 42095 | E31: 42338 | F31: 1
A32: Confirm approval of Wellness Proposal | B32: E. Artuz/M. Tse-Gonzalez | D32: 42186 | E32: 42216 | F32: 0
A34: Phase 2 - Bank-wide Wellness Survey
A35: Construct questions for survey | B35: HR | D35: 42186 | E35: 42216 | F35: 0.15
A36: Confirm approval of Wellness survey questionnaire | B36: E. Artuz/M. Tse-Gonzalez | D36: 42217 | E36: 42231 | F36: 0
A37: Submit Wellness survey into SurveyGizmo | B37: M.Sanders | D37: 42234 | E37: 42247 | F37: 0
A38: Distribute survey | B38: M.Sanders | D38: 42248 | E38: 42262 | F38: 0
A39: Evaluate responses internally | B39: E. Artuz/M. Tse-Gonzalez | D39: 42264 | E39: 42277 | F39: 0
A40: Distribute survey summary to employees | B40: M.Sanders | D40: 42278 | E40: 42281 | F40: 0
A41: Phase 3 - Implementation of Employee Wellness Committee
A42: Identify potential committee volunteers via wellness survey | B42: M.Sanders/E. Artuz/M. Tse-Gonzalez | D42: 42254 | E42: 42258 | F42: 0
A43: Select potential committee members and notify participants | B43: M.Sanders | F43: 0
A44: Construct a Wellness charter | B44: M.Sanders/E. Artuz/M. Tse-Gonzalez | D44: 42309 | E44: 42369 | F44: 0
A45: Phase 4 - Wellness Incentive HSA Funding
A46: Submit budget for HSA employer contributions for wellness | B46: M.Sanders | D46: 42231 | E46: 42262 | F46: 0
A47: Coordinate reimbursement schedule of HSA employer dollars with Payroll | B47: Payroll/Benefits | D47: 42339 | E47: 42369 | F47: 0
A48: Announce Wellness incentive program to employees | B48: M.Sanders | D48: 42339 | E48: 42369 | F48: 0
A49: Phase 5 - Coordinate Biometric Screenings and On-site Wellness Seminars
A50: Coordinate on-site biometric screening vendor with Cigna | B50: M.Sanders/Cigna | D50: 42370 | E50: 42428 | F50: 0
A51: Reserve conference rooms for screenings | B51: M.Sanders | D51: 42430 | E51: 42436 | F51: 0
A59: Goal 1 - Meets Requirements
A60: Identify EE and Dependent High Risk Factors
A61: Compose Comprehensive Wellness Program for Implementation
A62: Prepare and distribute communication to employees in time for Open Enrollment
A64: Goal 2 - Exceeds Requirements
A65: Create a Wellness Committee of Employees
A66: Develop Calendar of events for 2016
A67: Resolution of Major Obstacles or Issues
A71: Goal 3 - Outstanding
A103: Bi-Weekly Update History
A104: Current Status:
A105: This project is currently underway. Gathering materials from potential wellness vendors and reviewing 2014 medical experience reports to determine health factors within the Bank.
... A111: Involve Legal throughout each step of the wellness initiative project.

Sheet FS-Real Estate Program
A1: Facilities Services
A2: Major Project
A3: Real Estate Program (Workplace Strategy)
A5: Ground Level View
A7: Project Progress: | B7: Target
A8: Project Status as of: | B8: 42186
A9: % Complete: | B9: 0.4
A10: Target Date: | B10: 42369
A11: Proposed Rating: | B11: Meets
A12: Project Manager: | B12: Eric Gonzalez | D12: Project Summary:
A13: Team Members:
A14: Walter Moran
A15: Edwin Artuz
A16: Joe Lusardi | D16: Project Budget: | E16: 110000
A17: Mark Noonan | D17: Days Left: | E17: =B10-B8 -> 183
A19: Current Status:
A20: The project team met with the Spector Group and Provided the MC Presentation, Steelcase visits, Site Visits, GH Interviews, Surveys
A21: Next Steps:
A22: Continue with Spector, Obtain Egineer and PM
A23: Current Concern/Problem:
A24: Completing the RFP prior to September and updates to MC presentation
A25: Potential Resolution:
A26: Work with Team members to push the RFP and Interview sessions
A28: Task Name | B28: Resources | C28: Duration | D28: Start | E28: Finish | F28: % Work Complete
A29: Project Initiation | D29: 42005 | E29: 42062 | F29: 1
A30: Project Charter | E30: 42058 | F30: 1
A31: Project Goal | E31: 42058 | F31: 1
A32: Phase 1: Engage Consultant | F32: 1
A33: Requirements Definition | F33: 1
A34: RFP's | F34: 1
A35: Vendor Scoring Matrix | F35: 1
A36: Contract Execution | F36: 1
A37: Phase II: Planning | F37: 1
A38: Schedule | F38: 1
A39: MC Education Session | F39: 1
A40: Steelcase Visits | F40: 1
A41: Site Visits | F41: 1
A42: MC Schedule Review | F42: 1
A43: CBRE Kickoff meeting | F43: 1
A44: Phase III: Diagnostic and Data Gathering
A45: E-Survey | F45: 1
A46: Group Head Interviews | F46: 1
A47: Observations | F47: 1
A48: Vender Evaluation | F48: 0
A49: Space Programming Report | F49: 0.25
A50: Presentation to MC | F50: 0
A51: Phase IV: Future State Planning Phase
A52: Engineer RFP | F52: 0.15
A53: Architectural RFP | F53: 0.05
A54: Project Manager RFP | F54: 0.05
A55: Current State Assessment Report | F55: 0.05
A56: Space Requirements Report
A57: MC Update
A58: Phase V: Recommendation Phase
A59: MC Presentation of Results
A60: MC Signoffs on Space Requirements
A68: Goal 1 - Meets Requirements
A69: Phase 1: Engage Consultant | D69: 42005 | E69: 42094
A70: Phase II: Planning | D70: 42095 | E70: 42124
A71: Phase III: Diagnostic and Data Gathering | D71: 42125 | E71: 42246
A78: Goal 2 - Exceeds Requirements
A79: Phase IV: Future State Planning Phase | D79: 42248 | E79: 42308
A80: Goal 3 - Outstanding
A81: Phase V: Recommendation Phase | D81: 42309 | E81: 42369
A82: Bi-Weekly Update History

Sheet FS-VoIP Upgrade
A1: Facilities Services
A2: Major Project
A3: VoIP Upgrade
A5: Ground Level View
A7: Project Progress: | B7: Target
A8: Project Status as of: | B8: 42185
A9: % Complete: | B9: 0.3
A10: Target Date: | B10: 42277
A11: Proposed Rating: | B11: Meets
A12: Project Manager: | B12: Joseph Lusardi | D12: Project Summary:
A13: Team Members:
A14: Jon Pask
A15: Eric Gonzalez
D16: Project Budget: | E16: 181000
D17: Days Left: | E17: =B10-B8 -> 92
A19: Current Status:
A20: On-Track
A21: Next Steps:
A22: 1)NY build-out on 7/17
A23: 2)Coordinate NY build-out
A24: 3) Secure support agreement annual agreement
A26: Current Concern/Problem:
A27: A) Security concerns from Info Security
A28: B) 1X Mobile/CES Handset Server support
A29: Potential Resolution:
A30: a)Work with ISO to complete Security Plan requirements(in progress)
A31: b) Work with Nick & Rodger for Bank to support server (in progress)
A34: Task Name | B34: Resources | C34: Duration | D34: Start | E34: Finish | F34: % Work Complete
A35: Phase-1 Target Date: June 2015
A36: Project Charter | D36: 42005 | E36: 42063 | F36: 1
A37: S8800 Hardware Replacement BID Analysis | D37: 42005 | E37: 42094 | F37: 1
A38: Architectural Redesign Diagram | D38: 42005 | E38: 42124 | F38: 1
A39: Complete server build-out/installation of VoIP CM’s servers at JC | D39: 42156 | E39: 42185 | F39: 1
A40: Relocation of ESS’s to Sterling Virginia DR colo-site | D40: 42156 | E40: 42185
A42: Phase- 2 Target Date: July 2015
A43: Complete server build-out/installation of VoIP CM’s servers at VA
A44: Complete server build-out/installation of VoIP CM’s servers at NY | D44: 42186 | E44: 42216
A45: Testing of ancillary server capabilities | D45: 42186 | E45: 42216
A46: Testing and Training of Aura Voice Mail Messaging | D46: 42186 | E46: 42216
A47: Maintenance Agreement Renewals | D47: 42186 | E47: 42216
A49: Phase-3 Target Date: September 2015 | D49: 42217 | E49: 42277
A50: Project Closure Documents | D50: 42217 | E50: 42277
A51: Annual DR Telecommunications Test | D51: 42217 | E51: 42277
A52: Research of any new features and rollout to test group | D52: 42217 | E52: 42277
A54: Goal 1 - Meets Requirements
A55: Meets requirements will be achieved if phase-1 is completed by the target date.
A57: Goal 2 - Exceeds Requirements
A58: Exceeds requirements will be achieved if phase 1 and 2 are both completed by the target date.
A60: Goal 3 - Outstanding
A61: Outstanding will be achieved if phase 1, 2, and 3 are achieved by the specified Target Dates, and the overall project is under budget 10% or more
A67: Current Status:
A68: On-Track
A69: Next Steps:
A70: 1)DC2 build-out in VA 6/26
A71: 2)Plan NY build-out
A72: 3) Secure support agreement one month extension
... A92: Bi-Weekly Update History

Sheet FS-Wireless Device Cost Anal
A1: Facilities Services
A2: Major Project
A3: Wireless Device Cost Analysis
A5: Ground Level View
A7: Project Progress: | B7: Target
A8: Project Status as of: | B8: 42186
A9: % Complete: | B9: 0.3
A10: Target Date: | B10: 42369
A11: Proposed Rating: | B11: Meets
A12: Project Manager: | B12: Walter Moran | D12: Project Summary:
A13: Team Members:
D16: Project Budget: | E16: 0
D17: Days Left: | E17: =B10-B8 -> 183
A19: Current Status:
A20: The current state assessment target date has been moved from July to August. The Future State phase: Identify cost saving opportunities (for iPads) was moved from September to August. This project is on track for completion by the revised due dates.
A21: Next Steps
A22: Identify and implement cost saving opportunities for iPads will be moved up from September/December to August to align cost saving opportunities with the 2016 operating expense planning budget.
A23: Current Concern/Problem:
A24: None
A25: Potential Resolution:
A26: N/A
A28: Task Name | B28: Resources | C28: Duration | D28: Start | E28: Finish | F28: % Work Complete
A29: 1) Current State Assessment | E29: 42215
A30: Identify carrier reports (Verizon and AT&T) to obtain the required data to prepare a *3-year cost analysis. (*subject to carrier availability).
A31: Prepare 3-year cost (trend) analysis that incorporates the following information:
A32: Annual cost of Wireless Device Program
A33: Number of devices (iPhone/iPads)
A34: Employee name, rank, title, type of device issued,etc.
A35: Cost of Wireless Program by cost center (*18 months)
A36: Cost of Wireless Program by division (*18 months)
A37: Business justification
A38: Review current state analysis with Group Heads
A39: Discuss potential cost saving opportunities
A40: 2) Future state | E40: 42277
A41: Develop a Mobile Device Issuance standard in collaboration with Group Heads
A42: Identify cost saving opportunities
A43: 3) Implement recommendations | E43: 42368
A44: Publish Standard
A45: Develop strategies to implement cost saving opportunities in 2016
A46: Goal 1 - Meets Requirements
A47: Meets requirements will be achieved if items 1 and 2 are completed within the required timeframe.Potential issues outside of the project team’s control impacting the target date for completion or project stoppage will be evaluated based on the effort and level of accomplishment by the team.
A51: Goal 2 - Exceeds Requirements
A52: To achieve an Exceeds, in addition to completing the Meets requirement deliverables and timeframes, recommendation(s) for item 3 are implemented and cost savings can be supported and documented.
A58: Goal 3 - Outstanding
A90: Bi-Weekly Update History
A91: Current Status: | F91: 42156
A92: On schedule for July deliverable.
A93: Next Steps:
A94: Review vendor reports and analyze data
A95: Current Concern/Problem:
A96: None
A97: Potential Resolution:
A98: N/A

Sheet OMWI-Training Module
A1: OMWI
A2: Major Project
A3: OMWI Employee Training Module
A5: Ground Level View
A7: Project Progress: | B7: Target
A8: Project Status as of: | B8: 42186
A9: % Complete: | B9: 0.6
A10: Target Date: | B10: 42338
A11: Proposed Rating: | B11: Meets
A12: Project Manager: | B12: Mark Noonan | D12: Project Summary:
A13: Team Members:
A14: Jessey Abraham
A15: Noemi Rivera-Mendez
D16: Project Budget: | E16: 0
D17: Days Left: | E17: =B10-B8 -> 152
A19: Current Status:
A20: This project is in the 3rd draft phase. We reached out to the other FHLBs. Des Moines, Indianapolis, Chicago, and Dallas responded.
A21: Next Steps:
A22: To finish the 3rd draft of the OMWI PowerPoint deck.
A23: Current Concern/Problem:
A25: Potential Resolution:
A28: Task Name | B28: Resources | C28: Duration | D28: Start | E28: Finish | F28: % Work Complete
A29: Phase 1- Define & Initiate
A30: Create Project Charter | B30: Mark Noonan | C30: 10 days | D30: 42064 | E30: 42073 | F30: 1
A31: Set up OMWI Employee Training Folder | B31: Mark Noonan | C31: 10 days | D31: 42064 | E31: 42073 | F31: 1
A32: Define team members | B32: Mark Noonan | C32: 10 days | D32: 42064 | E32: 42073 | F32: 1
A33: Send kickoff email explaining the project plan | B33: Mark Noonan, Jessey Abraham, Noemi Rivera-Mendez | C33: 10 days | D33: 42073 | E33: 42083 | F33: 1
A34: Kick-off Meeting to explain initial Plan. | B34: Mark Noonan, Jessey Abraham | C34: 11 days | D34: 42083 | E34: 42094 | F34: 1
A35: Have Compliance send Mark Net Dimension "test trainings" to learn how we do online training | B35: Mark Noonan, Jessey Abraham | C35: 10 days | D35: 42095 | E35: 42104 | F35: 1
A36: Follow up with Net Dimensions after first contact - receive their initial Ideas/Options | B36: Mark Noonan | C36: 3 days | D36: 42095 | E36: 42097 | F36: 1
A37: Put together my own Slides/Ideas for the Training Module | B37: Mark Noonan | C37: 3 days | D37: 42104 | E37: 42106 | F37: 0.75
A38: Attend ILR Cornell Training Workshop - Best Practices | B38: Mark Noonan | C38: 2 days | D38: 42106 | E38: 42107 | F38: 1
A39: Phase 2 - Planning
A40: Begin to decide how the training will be done: how long will the test be? How many slides? How will it be scored? Should people acknowledge having taken the test? Etc etc | B40: Mark Noonan | C40: 7 days | D40: 42107 | E40: 42114 | F40: 0.75
A41: Meet with Net Dimensions in person | B41: Mark Noonan | C41: 11 days | D41: 42114 | E41: 42125
A42: Test out Net Dimensions options for OMWI Training | B42: Mark Noonan | C42: 15 days | D42: 42125 | E42: 42139
A43: Decide if Net Dimensions can be used. If not, seek out another Vendor | B43: Mark Noonan | C43: 15 days | D43: 42139 | E43: 42156 | F43: 1
A44: If Net Dimensions can be used, use their template to create our own Training Module | B44: Mark Noonan | C44: 15 days | D44: 42156 | E44: 42170
A45: Test out possible Training Module template with Pilot Group | B45: Mark Noonan, Noemi Rivera-Mendez, Susan Yan | C45: 15 days | D45: 42170 | E45: 42185
A46: Reach out to Compliance to see what else they will need in order to launch this Module to employees | B46: Mark Noonan, Jessey Abraham | C46: 15 days | D46: 42186 | E46: 42200
A47: Reach out to Team Members for feedback | B47: Mark Noonan, Edwin Artuz, Mildred Tse-Gonzalez, Virginia Kang | C47: 16 days | D47: 42200 | E47: 42216
A48: Reach out to Legal for feedback | B48: Mark Noonan, Paul Friend | C48: 10 days | D48: 42217 | E48: 42226
A49: Once vetted, create final version to be tested | B49: Mark Noonan | C49: 16 days | D49: 42231 | E49: 42248
A50: Test final version on Pilot Group | B50: Mark Noonan, Jessey Abraham, Noemi Rivera-Mendez | C50: 15 days | D50: 42248 | E50: 42262
A51: Create Cover Memo for Launch | B51: Mark Noonan | C51: 15 days | D51: 42262 | E51: 42277
A52: Get feedback from Pilot Group | B52: Mark Noonan | C52: 15 days | D52: 42262 | E52: 42277
A53: Goal 1 - Meets Requirements
A54: Phase 3 - Execute
A55: Launch online Training Tool to all employees. | B55: Mark Noonan | C55: 16 days | D55: 42262 | E55: 42278
A56: Goal 1 - Meets Requirements
A57: Launch online Training Tool to all new hires. | B57: Mark Noonan | C57: 30 days | D57: 42278 | E57: 42309
A58: Create Process to…
A59: Goal 1 - Meets Requirements
A60: Phase 4 - Monitor & Control
A61: Follow up: check the results of employee's using the Training Module. | B61: Mark Noonan | C61: 15 days | D61: 42309 | E61: 42323
A62: Phase 5 - Closing
A63: TBD: plan for future initiatives | B63: Mark Noonan | C63: 16 days | D63: 42323 | E63: 42339
A67: Bi-Weekly Update History
A68: Current Status: | F68: 42170
A69: This project is in the 3rd draft phase.
A70: Next Steps:
A71: To finish the 3rd draft of the OMWI PowerPoint deck.
A72: Current Concern/Problem:
A73: How to marry the bank's story with the general D&I story.
A74: Potential Resolution:
A75: Tell a story. And reach out to the other FHLBs to gather any training information they can provide.

Sheet OMWI-Vendor Outreach
A1: OMWI
A2: Major Project
A3: OMWI Enhance Vendor Outreach
A5: Ground Level View
A7: Project Progress: | B7: Target
A8: Project Status as of: | B8: 42186
A9: % Complete: | B9: 0.6
A10: Target Date: | B10: 42277
A11: Proposed Rating: | B11: Meets
A12: Project Manager: | B12: Mark Noonan | D12: Project Summary:
A13: Team Members:
A14: Joe Lusardi
A15: Jon Pask
D16: Project Budget: | E16: 0
D17: Days Left: | E17: =B10-B8 -> 91
A19: Current Status:
A20: Two areas of concentration: first, the Purchasing OMWI Plan, and second, identifying 1 OMWI supplier for each bank expiring contract.
A21: Next Steps:
A22: Finalize the purchasing OMWI plan.
A23: Current Concern/Problem:
A25: Potential Resolution:
A28: Task Name | B28: Resources | C28: Duration | D28: Start | E28: Finish | F28: % Work Complete
A29: Phase 1- Define & Initiate
A30: Create Project Charter | B30: Mark Noonan | C30: 10 days | D30: 42064 | E30: 42073 | F30: 1
A31: Setup OMWI Vendor Outreach Folder | B31: Mark Noonan | C31: 10 days | D31: 42064 | E31: 42073 | F31: 1
A32: Define Team Members | B32: Mark Noonan | C32: 10 days | D32: 42073 | E32: 42083 | F32: 1
A33: Compose Kick-off Email to Team | B33: Mark Noonan | C33: 10 days | D33: 42083 | E33: 42093 | F33: 1
A34: Kick-off Meeting to explain initial Plan. (Pushed to April 21 by Joe & Eric because of VoIP priority) | B34: Mark Noonan, Joe Lusardi, Eric Gonzalez | C34: 6 days | D34: 42088 | E34: 42095 | F34: 1
A35: Plan B - Reach out to…Records? (Brian Wiedl), Finance? Who else has access to contracts/agreements? Gain advice from Edwin | B35: Mark Noonan | C35: 3 days | D35: 42095 | E35: 42097 | F35: 1
A36: Phase 2 - Planning
A37: Plan Work Schedule with Joe Lusardi (340 Vendors, 40 OMWI) | B37: Mark Noonan, Joe Lusardi | C37: 5 days | D37: 42095 | E37: 42099 | F37: 1
A38: Reach out to Legal regarding vendors and OMWI vendors. Discuss how to execute with Edwin - gain advice. | B38: Mark Noonan, Joe Lusardi, Paul Friend | C38: 5 days | D38: 42099 | E38: 42104 | F38: 1
A39: Follow up Meeting with Joe - check progress | B39: Mark Noonan, Joe Lusardi | C39: 5 days | D39: 42104 | E39: 42109 | F39: 1
A40: Reach out to Management Reporting regarding coding | B40: Mark Noonan, Shamecca Lazarus | C40: 15 days | D40: 42109 | E40: 42125 | F40: 1
A41: Follow up Meeting with Joe - check progress | B41: Mark Noonan, Joe Lusardi | C41: 15 days | D41: 42125 | E41: 42139 | F41: 1
A42: Follow up Meeting with Joe, Eric Gonzalez - check progress | B42: Mark Noonan, Joe Lusardi, Eric Gonzalez | C42: 15 days | D42: 42156 | E42: 42170 | F42: 1
A43: Phase 3 - Execute
A44: Complete List of Bank Contracts expiring in the next 24 months. | B44: Joe Lusardi, Mark Noonan | C44: 15 days | D44: 42109 | E44: 42125 | F44: 1
A45: Identify at least 1 OMWI Vendor for every expiring Bank contract. Discuss plan with service agreement owners | B45: Joe Lusardi, Mark Noonan | C45: 30 days | D45: 42156 | E45: 42186 | F45: 0.5
A46: Goal 1 - Meets Requirements
A47: Arrange meeting with service agreement owner and potential OMWI vendor. | B47: Joe Lusardi, Mark Noonan | C47: 30 days | D47: 42186 | E47: 42217 | F47: 0
A48: Set up the process as contracts come due, for an Identified OMWI vendor to be given the opportunity to bid. | B48: Joe Lusardi, Jon Pask, Mark Noonan | C48: 30 days | D48: 42217 | E48: 42248 | F48: 0
A49: Phase 4 - Monitor & Control
A50: Follow up Meeting with Joe, Eric Gonzalez - check progress | B50: Mark Noonan, Joe Lusardi, Eric Gonzalez | C50: 15 days | D50: 42186 | E50: 42200 | F50: 0
A51: Follow up Meeting with Joe, Eric Gonzalez - check progress | B51: Mark Noonan, Joe Lusardi, Eric Gonzalez | C51: 15 days | D51: 42217 | E51: 42231 | F51: 0
A52: Phase 5 - Closing
A53: Goal 1 - Meets Requirements
A54: TBD: plan for future initiatives | B54: Mark Noonan | C54: 15 days | D54: 42248 | E54: 42278 | F54: 0
A57: Bi-Weekly Update History
A58: Current Status: | F58: 42170
A59: This project is on track but dealing with miscommunication.
A60: Next Steps:
A61: Mark and Joe to meet to get their information and plan to move forward on the same path.
A62: Current Concern/Problem:
A63: Getting everyone on the same page.
A64: Potential Resolution:
A65: Meet and develop plan.

Sheet OMWI-Vendor Database System
A1: OMWI
A2: Major Project
A3: Vendor Database System
A5: Ground Level View
A7: Project Progress: | B7: Target
A8: Project Status as of: | B8: 42186
A9: % Complete: | B9: 0.6
A10: Target Date: | B10: 42308
A11: Proposed Rating: | B11: Meets
A12: Project Manager: | B12: Mark Noonan | D12: Project Summary:
A13: Team Members:
A14: Joe Lusardi
A15: Jon Pask
A16: Eric Gonzalez | D16: Project Budget: | E16: 0
D17: Days Left: | E17: =B10-B8 -> 122
A19: Current Status:
A20: This project is on track.
A21: Next Steps:
A22: Received 2 proposals, waiting on the third.
A23: Current Concern/Problem:
A24: CVM's parent company, Altegrity, filed for bankruptcy protection in February. Follow up on the effects of this, if any.
A25: Potential Resolution:
A26: N/A
A28: Task Name | B28: Resources | C28: Duration | D28: Start | E28: Finish | F28: % Work Complete
A29: Phase 1- Define & Initiate
A30: Create Project Charter | B30: Mark Noonan | C30: 10 days | D30: 42064 | E30: 42073 | F30: 1
A31: Setup OMWI Vendor Database System folder | B31: Mark Noonan | C31: 5 days | D31: 42068 | E31: 42073 | F31: 1
A32: Define Team Members | B32: Mark Noonan | C32: 5 days | D32: 42068 | E32: 42073 | F32: 1
A33: Send Kick-off Email to Team | B33: Mark Noonan | C33: 10 days | D33: 42073 | E33: 42083 | F33: 1
A34: Kick-off Meeting to explain initial Plan. (Pushed to April 21 by Joe & Eric because of VoIP priority) | B34: Mark Noonan, Joe Lusardi, Jon Pask, Eric Gonzalez | C34: 7 days | D34: 42083 | E34: 42090 | F34: 1
A35: Phase 2 - Planning
A36: Contact the other FHLBs, find out what services they use (if different than ours) with CVM. And their pricing structure. | B36: Mark Noonan | C36: 7 days | D36: 42088 | E36: 42095 | F36: 1
A37: Contact the other FHLBs, find other viable Vendors (aside from CVM) | B37: Mark Noonan, Joe Lusardi | C37: 15 days | D37: 42095 | E37: 42109 | F37: 1
A38: Research other viable Vendors (aside from CVM). Supplier Gateway, ConnXus, etc | B38: Mark Noonan, Joe Lusardi | C38: 16 days | D38: 42109 | E38: 42125 | F38: 1
A39: Meeting with CVM to discuss new service plan/options to streamline the process. | B39: Mark Noonan, Joe Lusardi | C39: 15 days | D39: 42125 | E39: 42139 | F39: 1
A40: Work with Management Reporting to develop stronger OMWI invoice coding. | B40: Mark Noonan, Joe Lusardi, Claudia Kim | C40: 16 days | D40: 42139 | E40: 42156 | F40: 0.5
A41: Meet with 2 other Vendors | B41: Mark Noonan, Joe Lusardi | C41: 11 days | D41: 42144 | E41: 42186 | F41: 1
A42: Set up demos with 2 other Vendors | B42: Mark Noonan, Joe Lusardi | C42: 60 days | D42: 42156 | E42: 42217 | F42: 1
A43: Get new bid from CVM | B43: Mark Noonan, Joe Lusardi | C43: 30 days | D43: 42217 | E43: 42248 | F43: 0.5
A44: Get proposals (bids) from 2 other Vendors | B44: Mark Noonan, Joe Lusardi | C44: 15 days | D44: 42217 | E44: 42248 | F44: 0.5
A45: Meeting to discuss options | B45: Mark Noonan, Joe Lusardi | C45: 15 days | D45: 42248 | E45: 42262
A46: Phase 3 - Execute
A47: Propose a new option with CVM or an alternative with another vendor | B47: Mark Noonan | D47: 42262 | E47: 42278
A48: Goal 2 - Exceeds Requirements
A49: Phase 4 - Monitor & Control
A50: Review if the new vendor functions are better, worse, or the same as the year prior | B50: Mark Noonan | C50: 30 days | D50: 42278 | E50: 42309
A51: Phase 5 - Closing
A52: TBD: plan for future initiatives | B52: Mark Noonan | C52: 15 days | D52: 42292 | E52: 42309
A56: Bi-Weekly Update History
A57: Current Status: | F57: 42170
A58: This project is on track.
A59: Next Steps:
A60: To get proposals from the three vendors for the portal and data scrub.
A61: Current Concern/Problem:
A62: N/A
A63: Potential Resolution:
A64: N/A

Sheet HR-Technology Goal
A1: Human Resources
A2: Project
A3: HR Technology Goal
A5: Ground Level View
A7: Project Progress: | B7: Target
A8: Project Status as of: | B8: 42185
A9: % Complete: | B9: 0.3
A10: Target Date: | B10: 42369
A11: Proposed Rating: | B11: Meets
A12: Project Manager: | B12: Virginia Kang/Khadijah Mitchell | D12: Project Summary:
A13: Team Members:
D16: Project Budget: | E16: 0
D17: Days Left: | E17: =B10-B8 -> 184
A19: Current Status:
A20: Working with PM team to activate Bankwide Goal project for Bank; Vetting one more ATS vendor
A21: Next Steps:
A22: Finalize Bankwide Goals requirements & send to PM team; Continue to work with TMS support on Bankwide goal
A23: Current Concern/Problem:
A25: Potential Resolution:
A28: Task Name | B28: Resources | C28: Duration | D28: Start | E28: Finish | F28: % Work Complete
A29: Goal: Automation – Incentive Compensation Bankwide Goal Process
A30: Build test bank goal plan in TMS | B30: Khadijah | D30: 42122 | E30: 42181 | F30: 0.85
A31: Look at Sharepoint possiblities for Bankwide Goal plan | B31: Khadijah | D31: 42160 | E31: 42163 | F31: 1
A32: Reach out to Sharepoint owners to discuss testing | B32: Khadijah | D32: 42160 | E32: 42165 | F32: 1
A33: After testing of both Sharepoint & TMS, pick the best solution | B33: Khadijah | D33: 42240 | E33: 42240 | F33: 0
A34: Draft implementation timeline for Bankwide Goal plan | B34: Khadijah | D34: 42241 | E34: 42247 | F34: 0
A35: Draft communication to goal owners | B35: Khadijah | D35: 42324 | E35: 42326 | F35: 0
A36: Inform goal owners of implementation timeline | B36: Khadijah | D36: 42331 | E36: 42331 | F36: 0
A37: Testing of goal templates | B37: Khadijah | D37: 42338 | E37: 42342 | F37: 0
A38: Final testing of all templates | B38: Khadijah | D38: 42345 | E38: 42347 | F38: 0
A39: Email communications | B39: Khadijah | D39: 42401 | E39: 42401 | F39: 0
A40: Go live | B40: Khadijah | D40: 42401 | E40: 42401 | F40: 0
A41: Update HR Tickler (if applicable) | B41: Khadijah | F41: 0
A42: Goal: Automation – Incentive Compensation Statements
A43: Speak with TMS to see if it's possible to build a test ICP template | B43: Khadijah | D43: 42160 | E43: 42160 | F43: 0
A44: Look at Sharepoint possiblities for ICP Statements | B44: Khadijah | D44: 42160 | E44: 42163 | F44: 0
A45: Reach out to Sharepoint owners to discuss testing | B45: Khadijah | D45: 42160 | E45: 42165 | F45: 0
A46: After testing of both Sharepoint & TMS, pick the best solution | B46: Khadijah | D46: 42240 | E46: 42240 | F46: 0
A47: Draft implementation timeline for ICP Statements | B47: Khadijah | D47: 42241 | E47: 42247 | F47: 0
A48: Goal: Recruiting Solution
A49: Establish list of ATS vendors to research | B49: Khadijah | D49: 42097 | E49: 42104 | F49: 1
A50: Compile list from recruiting team of requested items | B50: Khadijah | D50: 42103 | E50: 42104 | F50: 1
A51: Meet with HR Director to discuss plan | B51: Khadijah | D51: 42111 | E51: 42111 | F51: 1
A52: Send RFI to various vendors | B52: Khadijah | D52: 42104 | E52: 42109 | F52: 1
A53: Demo various ATS systems | B53: Khadijah | D53: 42108 | E53: 42143 | F53: 1
A54: Organize notes from vendor mtgs & demos | B54: Khadijah | D54: 42152 | E54: 42205 | F54: 0.3
A55: Send HR Director notes of each ATS vendor | B55: Khadijah | D55: 42163 | E55: 42209 | F55: 0
A56: Based on Director notes & budget, send for RFP | B56: Khadijah | D56: 42219 | E56: 42233 | F56: 0
A57: Select ATS vendor | B57: Khadijah | D57: 42261 | E57: 42265 | F57: 0
A58: Draft implementation timeline | B58: Khadijah | D58: 42268 | E58: 42272 | F58: 0
A60: Goal 1 - Meets Requirements | E60: 42369
A61: Automate – Incentive Compensation Bankwide Goal Process | E61: 42369 | F61: 0
A62: Automate – Incentive Compensation Statements | E62: 42370 | F62: 0
A63: Replace current recruiting solution with the objective of enhancing recuiting and selection process and improving metrics | E63: 42370 | F63: 0
A64: Goal 1- Exceeds Requirements | E64: 42369
A65: Implementation of budgeted approved solutions | F65: 0
A66: Identify and create project plan to streamline or automate | D66: 42146 | E66: 42151 | F66: 0
A67: Write procedures/processes of implemented solutions | F67: 0
A68: Resolution of major obstacles or issues | F68: 0
A77: Bi-Weekly Update History | B77: 42185
A78: Looking at SharePoint for Bankwide Goals & ICP; Completed demos of ATS vendors

Sheet HR-Officer Physicals
A1: Human Resources
A2: Project
A3: Officer Physicals
A5: Ground Level View
A7: Project Progress: | B7: Complete
A8: Project Status as of: | B8: 42151
A9: % Complete: | B9: 1
A10: Target Date: | B10: 42277
A11: Proposed Rating: | B11: Outstanding
A12: Project Manager: | B12: Maelean Sanders | D12: Project Summary:
A13: Team Members:
D16: Project Budget: | E16: 0
D17: Days Left: | E17: =B10-B8 -> 126
A19: Current Status:
A20: This project is complete. The EHE International contract has been renewed and executed. Participants were notified of the contract extension through December 31, 2015.
A21: Next Steps:
A22: N/A
A23: Current Concern/Problem:
A25: Potential Resolution:
A28: Task Name | B28: Resources | C28: Duration | D28: Start | E28: Finish | F28: % Work Complete
A29: Notify EHE of Discontinuation of Contract in 2016 | D29: 41945 | E29: 42004 | F29: 1
A30: Negotiate New Contract with EHE | D30: 42064 | E30: 42124 | F30: 1
A31: Communicate Termination of EHE relationship to Officer Physical Program Participants in 2016 | D31: 42109 | E31: 42124 | F31: 1
A32: Draft Plan
A33: Final Plan
A35: Phase 1- Define & Initiate
A36: Phase 2 - Planning
A37: Phase 3 - Execute
A38: Phase 4 - Monitor & Control
A39: Phase 5 - Closing
A45: Goal 1 - Meets Requirements
A50: Goal 2 - Exceeds Requirements
A57: Goal 3 - Outstanding
A89: Bi-Weekly Update History

Sheet FS-JC Renovations
A1: Facilities Services
A2: Project
A3: Jersey City Renovations
A5: Ground Level View
A7: Project Progress: | B7: Target
A8: Project Status as of: | B8: 42156
A9: % Complete: | B9: 0.8
A10: Target Date: | B10: 42277
A11: Proposed Rating: | B11: Meets
A12: Project Manager: | B12: Eric Gonzalez | D12: Project Summary:
A13: Team Members:
A14: Jannette Gonzalez
A15: Joe Lusardi
A16: Jon Pask | D16: Project Budget: | E16: 181136
A17: Tina Ford | D17: Days Left: | E17: =B10-B8 -> 121
A18: Will Williams
A19: Current Status:
A20: completed office set ups
A21: Completed Dutch door
A22: Next Steps:
A23: Get Electric tied into UPS for Electronic Payments new area
A24: Get badge reader moved for new Electronic payment area
A25: Current Concern/Problem:
A26: Finding Painter at reasonable price
A27: Potential Resolution:
A28: Work with contractor to resolve
A30: Task Name | B30: Resources | C30: Duration | D30: Start | E30: Finish | F30: % Work Complete
A31: 1) Carve Out Data Center Hub for Office Operations | C31: 8 Weeks from building permit | D31: 42093 | E31: 42150 | F31: 1
A32: 2) Build Out of New Training Room and Confr. Room | C32: 4 weeks from completion of data center renovation | D32: 42151 | E32: 42179 | F32: 1
A33: 3) Coordinate Various Employee Moves | C33: 6 weeks if the build out of 3rd floor renovation work. | D33: 42152 | E33: 42194 | F33: 0.9
A34: 4) Relocation of Electronic Payments Room | E34: 42277 | F34: 0.15
A35: 5) Close Out All Punch List Items | E35: 42277 | F35: 0.9
A36: Goal 1 - Meets Requirements
A37: Meets requirements will be achieved if items 1, 2 and 3 of the deliverables are completed within the meets required timeframe.
A39: Goal 2 - Exceeds Requirements
A40: Exceeds requirements will be achieved if items 1, 2, 3, 4, and 5 of deliverables are completed within the required timeframe.
A41: Goal 3 - Outstanding
A42: Outstanding will be achieved if all 5 of the deliverables are completed within the meets timeframe and all work and furniture is completed without any out-of-pocket funds from the Bank. This can potentially be accomplished through negotiations with the landlord, third-party vendors, and management of Tenant Improvement and insurance funds.
A44: Bi-Weekly Update History

Sheet FS-JC UPS-Generator Tie-in
A1: Facilities Services
A2: Project
A3: JC UPS Generator Tie In/NY UPS Return
A5: Ground Level View
A7: Project Progress: | B7: Target
A8: Project Status as of: | B8: 42186
A9: % Complete: | B9: 0.2
A10: Target Date: | B10: 42307
A11: Proposed Rating: | B11: Meets
A12: Project Manager: | B12: Jon Pask | D12: Project Summary:
A13: Team Members:
A14: Will Williams
A15: Eric Gonzalez
A16: Walter Moran
D21: Project Budget: | E21: 45000 | F21: 6000
D22: Days Left: | E22: =B10-B8 -> 121
A24: Current Status:
A25: Pending Vendor Analysis
A26: Next Steps:
A27: Obtain analysis, Budget approval, and plan for next steps
A28: Current Concern/Problem:
A29: Need to get information from Environectics back quickly to proceed with analysis
A30: Potential Resolution:
A31: Follow up with Environectics
A33: Task Name | B33: Resources | C33: Duration | D33: Start | E33: Finish | F33: % Work Complete
A34: UPS Rental Return | E34: 42246
A35: Disconnect/Disassemble UPS (NY) | E35: 42216 | F35: 1
A36: Package/Pelletize UPS | E36: 42216
A37: UPS Return Pick Up (Power Super Site)
A38: Get quote from packer | B38: David Aponte | D38: 42164 | E38: 42164 | F38: 1
A39: Revise packer quote | B39: David Aponte | D39: 42164 | E39: 42167 | F39: 1
A40: Review Logisticts | B40: All | D40: 42166 | E40: 42166 | F40: 1
A41: Approve Packer and Electrical work | B41: Jon & David | D41: 42172 | E41: 42177 | F41: 1
A42: Schedule Electrical and Packer | B42: Jon & David | D42: 42174 | E42: 42177 | F42: 0.5
A43: Coordinate drop off and pick up with vendors | B43: Jon & David | D43: 42191 | E43: 42202
A44: Confirm delivery | B44: David Aponte | D44: 42209 | E44: 42209
A45: Provide closure documentation | B45: Jon | E45: 42246
A47: Jersey City Backup Power | E47: 42307
A48: Legal Review | B48: Barbara | D48: 42128 | E48: 42128 | F48: 1
A49: Complete Analysis | B49: Environetics | D49: 42170 | E49: 42185
A50: Review analysis | B50: All | D50: 42186 | E50: 42200
A51: Obtain backup power requirements | D51: 42201 | E51: 42209
A52: Develop viable cost effective backup power options | D52: 42201 | E52: 42209
A53: Prepare cost analysis | D53: 42201 | E53: 42209
A54: Discuss with stakeholders | D54: 42212 | E54: 42216
A55: Obtain approval of proposed solution | D55: 42255 | E55: 42231
A56: Negotiate maintenance/Service Level Agreement for UPS backup power infrastructure, if applicable. | D56: 42231 | E56: 42262
A57: Coordinate installation of additional power source, if applicable. | D57: 42265 | E57: 42307
A60: Goal 1 - Meets Requirements
A61: Completion of deliverables by the goal due date. This project has an external dependency: therefore consideration will be given to the overall contribution of the project to meet the project requirements.
A62: Goal 2 - Exceeds Requirements
A63: Consideration will be given to the degree which any of the following are achieved. The Facilities Services Manager will make the recommendation to the Director of Facilities Services.
A66: Bi-Weekly Update History

Sheet FS-NY Copier Lease Renewals
A1: Facilities Services
A2: Project
A3: NY Copier Lease Renewals
A5: Ground Level View
A7: Project Progress: | B7: Target
A8: Project Status as of: | B8: 42185
A9: % Complete: | B9: 0.1
A10: Target Date: | B10: 42277
A11: Proposed Rating: | B11: Meets
A12: Project Manager: | B12: Jon Pask | D12: Project Summary:
A13: Team Members:
A14: Tina Ford
A15: Will Williams
A16: Jon Pask | D16: Project Budget: | E16: 0
A17: Joe Lusardi | D17: Days Left: | E17: =B10-B8 -> 92
A18: Eric Gonzalez
A19: Current Status:
A20: Started. Received numbers from current vendor and determined it is cheaper to retain current equipment.
A21: Next Steps: Get 2 other proposals
A22: To…
A23: Current Concern/Problem:
A24: The current lease expired on 6/15/15
A25: Potential Resolution:
A26: Continue on a month-to-month until analysis/decision is made
A28: Task Name | B28: Resources | C28: Duration | D28: Start | E28: Finish | F28: % Work Complete
A29: Model Comparison Analysis | E29: 42277 | F29: 0.25
A30: Incumbent Vendor Visit | E30: 42179 | F30: 1
A31: Lease VS. Buy Cost Benefit Analysis VS. Extend lease | E31: 42277 | F31: 0.25
A32: Contract Commitment Tracking Form | E32: 42277
A33: Executed Lease/Maintenance Agreements | E33: 42277
A34: Training Schedule | E34: 42277
A35: Goal 1 - Meets Requirements
A36: See Goal, Part of Procurement Program Goals
A41: Goal 2 - Exceeds Requirements
A48: Goal 3 - Outstanding
A64: Bi-Weekly Update History
A65: Vendor Visit on 6/24/15. Preliminaly numbers received.

Sheet FS-Pitney Bowes Mail Replacemen
A1: Facilities Services
A2: Project
A3: Pitney Bowes Mail Machine Replacement
A5: Ground Level View
A7: Project Progress: | B7: Complete
A8: Project Status as of: | B8: 42156
A9: % Complete: | B9: 1
A10: Target Date: | B10: 42124
A11: Proposed Rating: | B11: Exceeds
A12: Project Manager: | B12: Jon Pask | D12: Project Summary:
A13: Team Members:
A14: Will Williams
D16: Project Budget: | E16: 19000
D17: Days Left: | E17: =B10-B8 -> -32
A19: Current Status:
A20: Closed & Completed
A21: Next Steps:
A22: To…
A23: Current Concern/Problem:
A24: The problem is…
A25: Potential Resolution:
A26: I plan to…hit the lottery
A28: Task Name | B28: Resources | C28: Duration | D28: Start | E28: Finish | F28: % Work Complete
A30: Review Current PB contract Due Date | D30: 41974 | E30: 41974 | F30: 1
A31: Create Analysis | D31: 41974 | E31: 41974 | F31: 1
A32: Get extension on current Contract | D32: 41983 | E32: 41983 | F32: 1
A33: Review contract | D33: 42004 | E33: 42004 | F33: 1
A34: Create CCTF | D34: 42005 | E34: 42005 | F34: 1
A35: Create Write up justification | D35: 42019 | E35: 42019 | F35: 1
A36: Order Equipment | D36: 42030 | E36: 42030 | F36: 1
A37: Take Delivery/Set up and Train | D37: 42046 | E37: 42046 | F37: 1
A38: Trouble shoot issues | D38: 42047 | E38: 42054 | F38: 1
A39: Set up final training | D39: 42075 | E39: 42084 | F39: 1
A40: Get Executed contract back | D40: 42075 | E40: 42094 | F40: 1
A41: Look into Online backup postage | B41: Will | D41: 42064 | E41: 42094 | F41: 1
A42: Close out Documentatio | D42: 42139 | E42: 42142 | F42: 1
A45: Goal 1 - Meets Requirements
A46: See Goal, Part of Procurement Program Goals
A51: Goal 2 - Exceeds Requirements
A55: Goal 3 - Outstanding
A71: Bi-Weekly Update History

Sheet FS-FHFA Examiners Visit
A1: Facilities Services
A2: Project
A3: FHFA Examiners Visit
A5: Ground Level View
A7: Project Progress: | B7: Complete
A8: Project Status as of: | B8: 42156
A9: % Complete: | B9: 1
A10: Target Date: | B10: 42139
A11: Proposed Rating: | B11: Meets
A12: Project Manager: | B12: Tina Ford | D12: Project Summary:
A13: Team Members:
A14: Will Williams
A15: Jannette Gonzalez
A16: Allen Jones | D16: Project Budget: | E16: 0
D17: Days Left: | E17: =B10-B8 -> -17
A19: Current Status:
A20: Completed
A21: Next Steps:
A23: Current Concern/Problem:
A25: Potential Resolution:
A28: Task Name | B28: Resources | C28: Duration | D28: Start | E28: Finish | F28: % Work Complete
A30: Coordinate the set up and conversion of conference rooms for use by the examiners. | E30: 42090 | F30: 1
A31: Work with IT and Compliance to ensure a smooth ingress and egress transition. | F31: 1
A32: Manage office and conference room space during the examination period to accommodate business needs. | E32: 42107 | F32: 1
A33: Prepare office space and seating plan | F33: 1
A34: Provide FS support as needed during examination period | D34: 42107 | E34: 42139 | F34: 1
A35: Return office space to pre-visit conditions | E35: 42139 | F35: 1
A37: Goal 1 - Meets Requirements
A38: All deliverables are completed as required
A39: Goal is completed within the required timeframe and with minimum disruption to Bank operations
A42: Goal 2 - Exceeds Requirements
A43: Additional space planning activities NOT in scope are implemented to provide additional conferencing space to support business operations during the examination visit
A49: Goal 3 - Outstanding
A81: Bi-Weekly Update History

Sheet FS-Logo Redesign
A1: Facilities Services
A2: Project
A3: Logo Redesign
A5: Ground Level View
A7: Project Progress: | B7: Complete
A8: Project Status as of: | B8: 42156
A9: % Complete: | B9: 1
A10: Target Date: | B10: 42154
A11: Proposed Rating: | B11: Meets
A12: Project Manager: | B12: Jon Pask | D12: Project Summary:
A13: Team Members:
A14: Jannette
A15: Candice
A16: Muyshann | D16: Project Budget: | E16: 7000
A17: Alan | D17: Days Left: | E17: =B10-B8 -> -2
A19: Current Status:
A20: Closed & Completed
A21: Next Steps:
A22: To…
A23: Current Concern/Problem:
A24: The problem is…
A25: Potential Resolution:
A26: I plan to…
A28: Task Name | B28: Resources | C28: Duration | D28: Start | E28: Finish | F28: % Work Complete
A29: Phase 1- Define & Initiate
A30: Kick Off Meeting | D30: 42048 | E30: 42048 | F30: 1
A31: Vendor Meeting | D31: 42064 | E31: 42064 | F31: 1
A32: Vendor Meeting 2 | D32: 42072 | E32: 42072 | F32: 1
A33: Meeting minutes | B33: Jannette | D33: 42064 | E33: 42124 | F33: 1
A34: Phase 2 - Planning
A35: Approval to Process Stationary Orders | B35: Candice | D35: 42072 | E35: 42072 | F35: 1
A36: Candice to Meet With Jose | B36: Candice | D36: 42074 | E36: 42074 | F36: 1
A37: Phase 3 - Execute
A38: Order Stationary, BC, Mints, Signage | B38: Jannette | D38: 42080 | E38: 42080 | F38: 1
A39: Review/Approve Proofs | B39: Muyshann | D39: 42082 | E39: 42082 | F39: 1
A40: Order Mugs/Jars | F40: 1
A41: Phase 4 - Monitor & Control
A42: Receive New Logo Items/Inspect | B42: Jannette | D42: 42100 | E42: 42124 | F42: 1
A43: Revise Cards | B43: Tina | D43: 42109 | E43: 42124 | F43: 1
A44: Phase 5 - Closing
A45: Sign Installation | D45: 42104 | E45: 42111 | F45: 1
A46: Remove Old Stationary Supplies | B46: Alan | D46: 42107 | E46: 42108 | F46: 1
A48: Goal 1 - Meets Requirements
A49: See goals. Part of Procuremnet Program Goals
A50: Goal 2 - Exceeds Requirements
A57: Goal 3 - Outstanding
A89: Bi-Weekly Update History

Sheet FS-JC Space Refresh
A1: Facilities Services
A2: Project
A3: Jersey City Space Refresh
A5: Ground Level View
A7: Project Progress: | B7: Target
A8: Project Status as of: | B8: 42193
A9: % Complete: | B9: 0.5
A10: Target Date: | B10: 42307
A11: Proposed Rating: | B11: Meets
A12: Project Manager: | B12: Will Williams | D12: Project Summary:
A13: Team Members:
D16: Project Budget: | E16: 2420
D17: Days Left: | E17: =B10-B8 -> 114
A19: Current Status:
A20: Received proposal for new carpet.
A21: Marble floor done, need to speak to Nicole about it.
A22: Next Steps:
A23: To…
A24: Current Concern/Problem:
A26: Potential Resolution:
A29: Task Name | B29: Resources | C29: Duration | D29: Start | E29: Finish | F29: % Work Complete
A31: Vendor Proposals | E31: 42124 | F31: 1
A32: Vendor Selection | E32: 42155 | F32: 1
A33: Approval | E33: 42185 | F33: 0.5
A34: Schedule and coordinate work with trades | E34: 42247 | F34: 0.5
A35: Ensure all work is completed | E35: 42277
A37: Goal 1 - Meets Requirements
A38: All deliverables are satisfactorily completed
A39: Project completed within the required timeframe and with minimum disruption to Bank operations
A42: Goal 2 - Exceeds Requirements
A43: Project is completed ahead of schedule.
A44: Additional facilities enhancements NOT in scope are recommended and completed without impacting the departmental budget
A49: Goal 3 - Outstanding
A50: (Not in scope for this goal)
A81: Bi-Weekly Update History
A82: Current Status: | F82: 42193
A83: Received proposal for new carpet.
A84: Marble floor done, need to speak to Nicole about it.

Sheet FS-Lawson Training
A1: Facilities Services
A2: Project
A3: Lawson Training (RQC & SME)
A5: Ground Level View
A7: Project Progress: | B7: Behind
A8: Project Status as of: | B8: 42185
A9: % Complete: | B9: 0.2
A10: Target Date: | B10: 42369
A11: Proposed Rating: | B11: Meets
A12: Project Manager: | B12: Joe Lusardi | D12: Project Summary:
A13: Team Members:
A14: Tina Ford
A15: Will Williams
A16: Jon Pask | D16: Project Budget: | E16: 0
A17: Joe Lusardi | D17: Days Left: | E17: =B10-B8 -> 184
A18: Eric Gonzalez
A19: Current Status:
A20: User Guides were rolled-out to CS pilot group by 6/18
A21: Next Steps:
A22: Obtain pilot group feedback 6/26
A23: Investigate distribution options by 6/30
A24: Current Concern/Problem:
A25: Need feedback form pilot group
A26: Potential Resolution:
A27: Will follow up at 78/2 staff meeting
A29: Task Name | B29: Resources | C29: Duration | D29: Start | E29: Finish | F29: % Work Complete
A30: Training Manual | E30: 42124 | F30: 0.8
A31: Proposal of options to deliver training (hand-out, class-setting, etc.) | E31: 42185
A32: Training Schedule | E32: 42216
A35: Goal 1 - Meets Requirements
A36: See Goals on Procurement Purchasing Program
A40: Goal 2 - Exceeds Requirements
A47: Goal 3 - Outstanding
A54: Current Status:
A55: User Guides were rolled-out to CS pilot group by 6/18
A56: Next Steps:
A57: Obtain pilot group feedback 6/26
A58: Investigate distribution options by 6/30
A59: Current Concern/Problem:
A60: The problem is…
A61: Potential Resolution:
... A79: Bi-Weekly Update History

Sheet FS-Lawson PO & RQL Future
A1: Facilities Services
A2: Project
A3: Lawson PO and RQL Future State
A5: Ground Level View
A7: Project Progress: | B7: Target
A8: Project Status as of: | B8: 42185
A9: % Complete: | B9: 0.2
A10: Target Date: | B10: 42308
A11: Proposed Rating: | B11: Meets
A12: Project Manager: | B12: Joseph Lusardi | D12: Project Summary:
A13: Team Members:
A14: Janette Gonzalez
A15: Jon Pask
D16: Project Budget: | E16: 0
D17: Days Left: | E17: =B10-B8 -> 123
A19: Current Status:
A20: On-Track
A21: Next Steps:
A22: Implement BPRP
A23: Begin Requirement Analysis
A24: Current Concern/Problem:
A26: Potential Resolution:
A27: I plan to…
A29: Task Name | B29: Resources | C29: Duration | D29: Start | E29: Finish | F29: % Work Complete
A31: Requirements Analysis | E31: 42246
A32: Identify one standalone Purchasing and Requisition module platform | E32: 42277
A33: Future State Research Plan | E33: 42368
A34: Goal 1 - Meets Requirements
A35: See Goals, Part of Procurement Program Goals
A39: Goal 2 - Exceeds Requirements
A40: See Goals, Part of Procurement Program Goals
A46: Goal 3 - Outstanding
A47: (Not in scope for this goal)
A66: Bi-Weekly Update History

Sheet OMWI-2014 Status Report
A1: OMWI
A2: Project
A3: 2014 Status Report
A5: Ground Level View
A7: Project Progress: | B7: Complete
A8: Project Status as of: | B8: 42152
A9: % Complete: | B9: 1
A10: Target Date: | B10: 42063
A11: Proposed Rating: | B11: Meets
A12: Project Manager: | B12: Mark Noonan | D12: Project Summary:
A13: Team Members:
A14: Joe Lusardi
A15: Eric Gonzalez
A16: Noemi Rivera-Mendez | D16: Project Budget: | E16: 0
A17: Khadijah Mitchell | D17: Days Left: | E17: =B10-B8 -> -89
A19: Current Status:
A20: This project is complete
A21: Next Steps:
A22: To… | B22: N/A
A23: Current Concern/Problem:
A24: The problem is… | B24: N/A
A25: Potential Resolution:
A26: I plan to… | B26: N/A
A28: Task Name | B28: Resources | C28: Duration | D28: Start | E28: Finish | F28: % Work Complete
A29: Phase 1 - Initiation
A30: Initial OMWI Meeting | B30: Candice Soldano, Philip Scott, Eric Gonzalez, Edwin Artuz, Mark Noonan | E30: 41992 | F30: 1
A31: Phase 2 - Planning
A32: Send Vendor Data to CVM Solutions for "Data Scrub" to locate OMWI vendors used in 2014 (this should actually happen earlier, before Thanksgiving) | B32: Eric Gonzalez, Mark Noonan | E32: 41993 | F32: 1
A33: Discussion of Capital Markets information | B33: Mark Noonan, Lou Solimine | E33: 42002 | F33: 1
A34: Request HelpDesk Create an OMWI Folder on the S Drive and give "Write" access to the necessary Team Members | B34: Mark Noonan, Philip Scott, Eric Gonzalez, Edwin Artuz, Lou Solimine, Noemi Rivera-Mendez | E34: 42006 | F34: 1
A35: Place prior year's OMWI Report in the new OMWI folder on the S Drive | B35: Mark Noonan | E35: 42006 | F35: 1
A36: Send out an email to Team Members asking that they provide "redline" feedback to the document | B36: Mark Noonan | E36: 42006 | F36: 1
A37: Check document to see if any "redline" feedback has been given. If not, send out a follow-up email to the necessary Team Members reminding them of impending deadline | B37: Mark Noonan | E37: 42016 | F37: 1
A38: Check document again, ask Team Members to include any necessary documentation (ie charts, graphs, numbers) for the report appendix | B38: Mark Noonan | E38: 42024 | F38: 1
A39: Phase 3 - Execute
A40: Begin to piece together the Report and focus on sections that are lacking, follow up with necessary Team Members | B40: Mark Noonan | E40: 42024 | F40: 1
A41: Receive CVM Data Scrub info, Facilities Services works thru the data | B41: Eric Gonzalez | E41: 42025 | F41: 1
A42: Receive final CVM numbers from Facilities Services | B42: Eric Gonzalez, Mark Noonan | E42: 42031 | F42: 1
A43: Deliver Report (Draft #1) to impartial outside Team Member (Person To Be Determined) for edit | B43: Mark Noonan, Person TBD | E43: 42034 | F43: 1
A44: Deliver Report (Draft #2) to OMWI Director for review | B44: Mark Noonan, Edwin Artuz | E44: 42039 | F44: 1
A45: Make changes per OMWI Director feedback | B45: Mark Noonan, Edwin Artuz | E45: 42041 | F45: 1
A46: Deliver Report (Draft #3) to… | B46: Person TBD | E46: 42044 | F46: 1
A47: Phase 4 - Monitor & Control
A48: Deliver Report (Draft #4) to Legal (Paul Friend) and Compliance (Steve Christatos) | B48: Mark Noonan | E48: 42045 | F48: 1
A49: Meet with Legal & Compliance | B49: Mark Noonan | E49: 42047 | F49: 1
A50: Deliver Final Report (Final Draft) to CEO | B50: Mark Noonan/Edwin Artuz | E50: 42052 | F50: 1
A51: Make any final changes to the Final Report | B51: Mark Noonan, Edwin Artuz | E51: 42058 | F51: 1
A52: Email & FedEx Report | B52: Mark Noonan | E52: 42061 | F52: 1
A53: Phase 5 - Closing
A54: TBD: plan for future report, future initiatives | B54: Edwin Artuz, Mark Noonan | E54: 42064 | F54: 1
A57: Goal 1 - Meets Requirements
A59: Goal 2 - Exceeds Requirements
A61: Goal 3 - Outstanding
A64: Bi-Weekly Update History

Sheet OMWI-2015 Report Planning
A1: OMWI
A2: Project
A3: 2015 Status Report Planning
A5: Ground Level View
A7: Project Progress: | B7: Target
A8: Project Status as of: | B8: 42186
A9: % Complete: | B9: 0.4
A10: Target Date: | B10: 42369
A11: Proposed Rating: | B11: Meets
A12: Project Manager: | B12: Mark Noonan | D12: Project Summary:
A13: Team Members:
D16: Project Budget: | E16: 0
D17: Days Left: | E17: =B10-B8 -> 183
A19: Current Status:
A20: This project is currently in the planning stages
A21: Next Steps:
A22: To develop a system to keep all of my 2015 OMWI accomplishments together and 2016 Plans together.
A23: Current Concern/Problem:
A24: The problem is… | B24: N/A
A25: Potential Resolution:
A26: I plan to… | B26: N/A
A28: Task Name | B28: Resources | C28: Duration | D28: Start | E28: Finish | F28: % Work Complete
A30: Phase 1- Define & Initiate
A31: Phase 2 - Planning
A32: Follow 2015 Diversity & Inclusion Plan | B32: Edwin Artuz | E32: 42125 | F32: 0.4
A33: Phase 3 - Execute
A35: Phase 4 - Monitor & Control
A36: Phase 5 - Closing
A38: Goal 1 - Meets Requirements
A40: Goal 2 - Exceeds Requirements
A42: Goal 3 - Outstanding
A46: Bi-Weekly Update History

Sheet CorpServ-PM Program
A1: Corporate Services
A2: Project
A3: Project Management Program - Master Tracker
A5: Ground Level View
A7: Project Progress: | B7: Complete
A8: Project Status as of: | B8: 42183
A9: % Complete: | B9: 1
A10: Target Date: | B10: 42185
A11: Proposed Rating: | B11: Meets
A12: Project Manager: | B12: Mark Noonan | D12: Project Summary:
A13: Team Members:
A14: Virginia Kang
A15: Eric Gonzalez
A16: Khadijah Mitchell | D16: Project Budget: | E16: 0
D17: Days Left: | E17: =B10-B8 -> 2
A19: Current Status:
A20: Although a living document that will continue to be changed and enhanced, the Master Tracker is done.
A21: Next Steps:
A22: Meet with Mildred & Walter about their teams projects. Then brief Edwin on the team's progress and issues.
A23: Current Concern/Problem:
A25: Potential Resolution:
A28: Task Name | B28: Resources | C28: Duration | D28: Start | E28: Finish | F28: % Work Complete
A29: Phase 1- Define & Initiate
A30: Create Project Charter | B30: Mark Noonan | C30: 10 days | D30: 42064 | E30: 42073 | F30: 1
A31: Kick-off Meeting to explain initial Plan. Get ideas and feedback. | B31: Mark Noonan, Eric Gonzalez | C31: 10 days | D31: 42073 | E31: 42083 | F31: 1
A32: Meet to discuss what solutions (ie software) Team is comfortable working with. Show my basic Excel Master Tracker, get feedback. | B32: Mark Noonan, Walter Moran | C32: 11 days | D32: 42083 | E32: 42094 | F32: 1
A33: Meet to discuss what solutions (ie software) employees are comfortable working with. Show my basic Excel Master Tracker, get feedback. | B33: Mark Noonan, Mildred Tse-Gonzalez | C33: 6 days | D33: 42088 | E33: 42094 | F33: 1
A34: Phase 2 - Planning
A35: Using the 2015 Corporate Services Goals, add a "Special Projects" section to that document | B35: Mark Noonan | C35: 7 days | D35: 42088 | E35: 42095 | F35: 1
A36: Confer with Edwin on Template - gain feedback | B36: Mark Noonan, Edwin Artuz | C36: 3 days | D36: 42095 | E36: 42097 | F36: 1
A37: Make a big list of all projects for HR, Facilities, OMWI - confer with Team Members on validity of list | B37: Mark Noonan, Mildred Tse-Gonzalez, Walter Moran, Edwin Artuz | C37: 10 days | D37: 42099 | E37: 42109 | F37: 1
A38: Learn MS Project 2013 - NYU Classes April 11-25 - Learn about project tracking, reporting, and subprojects | B38: Mark Noonan | C38: 10 days | D38: 42109 | E38: 42119 | F38: 1
A39: Using the 2015 Corporate Services Goals, and the MS Project 2013 tools, develop a Master Tracker: enter in all of the high level information. | B39: Mark Noonan | C39: 11 days | D39: 42114 | E39: 42125 | F39: 1
A40: Have Project Managers enter in all of their details into each Project, down to the Task level | B40: Mark Noonan, Project Managers | C40: 15 days | D40: 42125 | E40: 42139 | F40: 1
A41: Establish important dates, milestones, vendors, team members, etc for each project. Confer with HR, Facilities, and OMWI | B41: Mark Noonan, Mildred Tse-Gonzalez, Walter Moran | C41: 5 days | D41: 42139 | E41: 42144 | F41: 1
A42: Confer with Edwin on this new Template - gain feedback on all of the information linking and matching up. | B42: Mark Noonan, Edwin Artuz | C42: 2 days | D42: 42144 | E42: 42146 | F42: 1
A43: If necessary: Basic Tutorial on MS Project 2013 for Mildred & Walter on how to make changes/update their project's progress. | B43: Mark Noonan, Mildred Tse-Gonzalez, Walter Moran | C43: 5 days | D43: 42144 | E43: 42149 | F43: 1
A44: Test out the Prototype with Mildred & Walter. | B44: Mark Noonan, Mildred Tse-Gonzalez, Walter Moran | C44: 6 days | D44: 42149 | E44: 42155 | F44: 1
A45: Goal 1 - Meets Requirements
A46: Phase 3 - Execute
A47: Master Tracker in use by HR, Facilities Services, and OMWI | B47: Mark Noonan, Mildred Tse-Gonzalez, Walter Moran, Eric Gonzalez | C47: 15 days | D47: 42156 | E47: 42170 | F47: 1
A48: Phase 4 - Monitor & Control
A49: Get feedback from HR, Facilities, Corporate Services | B49: Mark Noonan | C49: 15 days | D49: 42170 | E49: 42185 | F49: 1
A50: Add Special Projects to the Tracker as they arise | B50: Mark Noonan | E50: Ongoing
A51: Update and report on progress of each project on a weekly basis | B51: Mark Noonan, Mildred Tse-Gonzelez, Walter Moran | C51: 15 days | D51: 42170 | E51: 42185 | F51: 1
A52: Phase 5 - Closing
A53: TBD: plan for future initiatives | B53: Mark Noonan | C53: 15 days | D53: 42170 | E53: 42185
A54: Goal 2 - Exceeds Requirements
A58: Bi-Weekly Update History
A59: Current Status: | F59: 42170
A60: This project is almost done. Teams have entered in their information.
A61: Next Steps:
A62: Deliver a first report of the master tracker to Edwin.
A63: Current Concern/Problem:
A64: Still working on the possible Macro with Daniel Kohn.
A65: Potential Resolution:
A66: Follow up concerning the Macro.

Sheet Misc - Links&Charts
F2: Progress of Major Projects
A3: Schedule | B3: Progress of All Projects | E3: Major
A4: Ahead | B4: =COUNTIF('All Projects'!E:E,A4) -> 0 | E4: Ahead | F4: =SUMPRODUCT(('All Projects'!$D:$D=$E3)*('All Projects'!$E:$E=E$4)) -> 0
A5: Target | B5: =COUNTIF('All Projects'!E:E,A5) -> 19 | E5: Target | F5: =SUMPRODUCT(('All Projects'!$D:$D=$E3)*('All Projects'!$E:$E=E$5)) -> 12
A6: Behind | B6: =COUNTIF('All Projects'!E:E,A6) -> 1 | E6: Behind | F6: =SUMPRODUCT(('All Projects'!$D:$D=$E3)*('All Projects'!$E:$E=E$6)) -> 0
A7: Stuck | B7: =COUNTIF('All Projects'!E:E,A7) -> 0 | E7: Stuck | F7: =SUMPRODUCT(('All Projects'!$D:$D=$E2)*('All Projects'!$E:$E=E$8)) -> 0
A8: Complete | B8: =COUNTIF('All Projects'!E:E,A8) -> 6 | E8: Complete | F8: =SUMPRODUCT(('All Projects'!$D:$D=$E3)*('All Projects'!$E:$E=E$8)) -> 0
E9: Total | F9: =SUM(F4:F8) -> 12
A12: Schedule | B12: Progress of Projects | E12: Schedule | F12: Progress of Special Projects
A13: Ahead | B13: =COUNTIF(Projects!E:E,A13) -> 0 | E13: Ahead | F13: =COUNTIF('Special Projects'!E:E,'Misc - Links&Charts'!E13) -> 0
A14: Target | B14: =COUNTIF(Projects!E:E,A14) -> 7 | E14: Target | F14: =COUNTIF('Special Projects'!E:E,'Misc - Links&Charts'!E14) -> 0
A15: Behind | B15: =COUNTIF(Projects!E:E,A15) -> 1 | E15: Behind | F15: =COUNTIF('Special Projects'!E:E,'Misc - Links&Charts'!E15) -> 0
A16: Stuck | B16: =COUNTIF(Projects!E:E,A16) -> 0 | E16: Stuck | F16: =COUNTIF('Special Projects'!E:E,'Misc - Links&Charts'!E16) -> 0
A17: Complete | B17: =COUNTIF(Projects!E:E,A17) -> 6 | E17: Complete | F17: =COUNTIF('Special Projects'!E:E,'Misc - Links&Charts'!E17) -> 0

Sheet Misc - How To Info
A1: How to Information
A5: For Project Managers
A6: Step 1 | B6: Following the format (see Real Estate project by Eric Gonzalez or my projects), enter in your Project Summary, Team Members, and Budget (if applicable)
A7: Step 2 | B7: Enter in all of your Tasks and Goals and Dates they are due.
A8: Step 3 | B8: Enter in the high level items: Progress, Status Date, % Complete, Target Date, Rating.
A9: Step 4 | B9: Enter in your Current Status, Next Steps, Current Problem, Potential Resolution.
A10: Step 5 | B10: Copy and Paste your 4 Current Status Items at the bottom of the page (Bi-weekly update) with the date you copy and pasted them (to keep a history).
A11: Step 6 | B11: Make updates Twice a Month: on the 1st of the Month and the 15th of the Month.
A12: Step 7 | B12: Do NOT make changes to the Master Tracker page! Ever!
